Workbook

Sheet Om verktyget

Sheet Uppföljning + Utveckling
B4: Rekommendation med tillhörande åtgärd | D4: Status | E4: Kommentar
B5: SUHF Rekommendation 1 - Att skapa forsknings- och utbildningsmiljöer som stödjer, uppmuntrar, informerar och utbildar om öppen vetenskap som praxis, genom att anta, implementera och förankra lokala styrdokument eller ramverk.
B6: Åtgärd 1:1
B7: SUHF Rekommendation 1; Åtgärd 1 - Lärosätet bör överväga att: 1) Senast vid utgången av 2022 inrätta en formell strategisk funktion vid lärosätesledningen med inriktning på frågor inom öppen och FAIR vetenskap. Funktionen bör kunna representera läro-sätet nationellt och internationellt inom området, till exempel inom frågor som rör EOSC-A, och vara en samordnande koppling mellan lärosätesledningen och den motsvarande operativa stödfunktionen/er (se rekommendation 2, punkt 1).
B8: Förslag till aktiviteter - Goda exempel:
B9: Upprätta en funktion i ledningsroll som har i uppdrag att på övergripande nivå tillse att arbetet med öppen vetenskap bedrivs och utvecklas inom lärosätets olika organisationsnivåer. Funktionen bör ha mandat att kunna föreslå åtgärder för implementering och utveckling samt representera lärosätet internt och externt i relevanta sammanhang inom området.
B10: Karolinska Institutet Våren 2022 utsågs en arbetsgrupp för öppen vetenskap som ligger under Kommittén för forskning. De ordinarie ledamöterna är aktiva forskare, och till arbetsgruppen adjungeras universitetsbiblioteket och Junior Faculty. Arbetsgruppen har en handläggare från universitetsförvaltningen. Kopplat till detta har vi sedan vårt Research Data Office (RDO) som ger stöd till forskare och ledning i frågor kring öppen tillgång till forskningsdata. En intervju från hösten 2022, med ordförande för arbetsgruppen för öppen vetenskap, beskriver arbetet: https://kib.ki.se/nyheter/intervju-patrik-magnusson-om-arbetet-oppen-vetenskap-pa-ki | C10: se på webbsidan
B11: Linnéuniversitetet Det finns ingen formell strategisk funktion i lärosätesledningen för dessa frågor ännu, men ett portföljprojekt om öppen vetenskap som ska utreda bland annat den här frågan startas upp den 13 april 2023. | C11: Ingen länk att hänvisa till
B12: Högskolan i Halmstad Vicerektor för forskning på lärosätet har huvudansvaret i ledningen för forskningsdata och Open Science-frågan, och lyfter frågan med rektor och Akademiledningar vid behov. Det finns ingen strategisk grupp i nuläget i frågan kring open science, mer än DAU-gruppen som driver forskningsdata-frågan. | C12: Ingen länk att hänvisa till
B13: BTH Inget beslut om strategiskt uppdrag, men dekanerna är ansvariga för utvecklingsarbetet kring forskningsdata i BTH:s handlingsplan. En rådgivande grupp finns med representanter från kärnverksamheten och IT. | C13: Ingen länk att hänvisa till
B14: KTH Det finns idag inte tydligt någon ansvarig för öppen vetenskap centralt, men i skrivande stund är det inte heller klart hur ansvar för forskning generellt fördelas. Detta på grund av ny rektor och ny ledning, så förhoppningsvis kan det bli klarare inom kort. Däremot finns en arbetsgrupp för forskningsdata inom verksamhetsstödet, och mer generella strategiska funktioner som idag tar strategiska beslut när så blir nödvändigt. | C14: Ingen länk att hänvisa till
B15: Karlstads universitet Den Forskningsstrategiska gruppen, under ledning av rektor, ansvarar för det strategiska utvecklingsarbetet med öppen vetenskap. | C15: Ingen länk att hänvisa till
B16: Stockholms universitet Det finns en utnämnd strategisk funktion i form av rektorsråd för öppen vetenskap. | C16: se på webbsidan
B17: Åtgärd 1:2
B18: SUHF Rekommendation 1; Åtgärd 2 - Lärosätet bör överväga att: 2) Senast under 2023 utarbeta/revidera och fastställa strategiska inriktningsbeslut och styrdokument som främjar öppen vetenskap i en internationell och europeisk kontext (FAIR och öppen tillgång till alla digitala vetenskapliga objekt, som publikationer, data, programvara och material, liksom öppna licenser, till exempel CC-licens).
B19: Goda exempel / Förslag till aktiviteter:
B20: Karolinska Institutet Det finns sedan tidigare Riktlinjer för forskning (https://medarbetare.ki.se/riktlinjer-for-forskning) | C20: se på webbsidan
B21: och Riktlinjer för forskningsdokumentation och datahantering (https://medarbetare.ki.se/riktlinjer-for-forskningsdokumentation-och-datahantering) på KI, i båda dessa nämns öppen vetenskap. | C21: se på webbsidan
B22: Vi har även sedan tidigare en Policy för öppen publicering (https://medarbetare.ki.se/policy-for-oppen-publicering-vid-karolinska-institutet). I och med att arbetsgruppen för öppen vetenskap tillträdde så ses befintliga riktlinjer och policies över, däribland ett utkast på Policy för öppen tillgång till forskningsdata. | C22: se på webbsidan
B23: Högskolan i Skövde Det finns inga styrdokument specifikt om öppen vetenskap. Däremot talas om öppen tillgång för forskningsdata i Riktlinjer för hantering av forskningsdata, dnr HS 2020/1035 | C23: se på webbsidan
B24: och om open access för publikationer i Riktlinjer för öppen tillgång och registrering av publikationer i DiVA, dnr HS 2021/873 | C24: se på webbsidan
B25: Så även i Högskolan i Skövdes Utvecklingsplan för 2017–2022, dnr HS 2015/1011 | C25: se på webbsidan
B26: Högskolan i Borås Vi har ett styrdokument (Dnr 379-10) Riktlinjer för bevarande och gallring av forskningshandlingar vid Högskolan i Borås där det pratas om forskningshandlingar. Det är inte helt klart vad handlingar är men delvis går det att läsa in att de är även forskningsdata. | C26: Ingen länk att hänvisa till
B27: Högskolan i Halmstad Det finns två styrdokument kopplat till forskningsdata som togs 2021: L2021/35 - Policy för forskningsdata på Högskolan i Halmstad och L2021/122 - Anvisningar för forskningsdatahantering. Det finns även ett rektorsbeslut på att det ska finnas en stödfunktion för hantering av forskningsdata inom lärosätet med ett antal kompetenser inom verksamhetsstödet L2020/130. | C27: Ingen länk att hänvisa till
B28: BTH Strävan efter FAIR-principerna är beslutad i BTH:s policy för hantering av forskningsdata och ansvarsfördelning tas upp i tillhörande Riktlinjer. En kommunikationsplan för DAU är under framtagande. | C28: Ingen länk att hänvisa till
B29: Linnéuniversitetet Följande policyer och riktlinjer som rör öppen vetenskap finns vid Linnéuniversitetet: Policy för hantering av forskningsdata vid Linnéuniversitetet (dnr 2021/964-1.1.1) | C29: se på webbsidan
B30: Policy för vetenskaplig publicering vid Linnéuniversitetet (dnr 2021/506-1.1.1) | C30: se på webbsidan
B31: Riktlinjer för öppen tillgång till publikationer (dnr 2021/4551-1.1.1) | C31: se på webbsidan
... B38: Stockholms universitet Det finns en övergripande policy för öppen vetenskap och en tillhörande plan med ansvarsfördelning för öppen vetenskap. | C38: se på webbsidan
B39: Åtgärd 1:3
B40: SUHF Rekommendation 1; Åtgärd 3 - Lärosätet bör överväga att: 3) Senast under 2023 säkerställa att ansvarsfördelningen för området öppen och FAIR vetenskap inom lärosätet är tydliggjord, inklusive förhållanden och kopplingar till andra aktörer nationellt och internationellt, samt att det finns interna organisatoriska strukturer som samarbetar för att på ett långsiktigt sätt säkra teknisk beredskap, kompetens, kapacitetsuppbyggnad och finansiella flöden.
B41: Goda exempel / Förslag till aktiviteter:
B42: Karlstads universitet Vid Karlstads universitet ansvarar Grants and Innovation Office för att verkställa och redovisa universitets insatser avseende arbetet med öppen vetenskap som del av de uppdrag som anges i regleringsbrevet för 2023. Avdelningen ansvarar också för att samordna arbetet med forskningsdata. Universitetsbiblioteket har ansvar för universitets förlagsverksamhet, öppen tillgång till publikationer, samt publicering och arkivering av forskningspublikationer i publikationsdatabasen DiVA. Enligt beslut, (RB 148/22), utökas och tydliggörs ansvaret för arbetet med omställningen till öppen vetenskap genom att; den forskningsstrategiska gruppen ansvarar för att ta fram en policy för öppen vetenskap, dekaner och ämnesföreträdare tilldelas ansvar för att utveckla en arbetskultur på fakulteterna som främjar öppen vetenskap, den forskningsadministrativa styrgruppen tilldelas ansvar för att forskare ska få tillgång till digital infrastruktur, forskarhandledare tilldelas ansvar för att doktorander upprättar datahanteringsplaner, Kvalitetsråd och HR-avdelningen tilldelas ansvar för att bevaka det nationella och internationella arbetet för meritbedömning av öppen vetenskap i forskning. | C42: Ingen länk att hänvisa till
B43: Stockholms universitet Det finns en plan med ansvarsfördelning för öppen vetenskap Det har påbörjats en intern strategisk struktur med arbetsgrupper på olika organisatoriska nivåer. I nuläget finns - Samordningsgrupp för öppen vetenskap vid universitetsbiblioteket (representant från de arbetsgrupper (Forskningsdatagruppen, Licensgruppen och Stockholm University Press) som i nuläget arbetar närmast området öppen vetenskap) Forskare Referensgrupp för öppen vetenskap - tre utnämnda representanter från HUMSAM-området och två representanter från NAT-området. Möte två gånger per termin. Rektorsråd för öppen vetenskap | C43: se på webbsidan
B44: SUHF Rekommendation 2 - Att tillhandahålla relevanta forsknings- och utbildningsstödjande tjänster avseende öppen vetenskap, som resurseffektivt kan möta forskarnas behov av stöd genom hela forskningsprocessen, det vill säga före, under och efter ett forskningsprojekt.
B45: Åtgärd 2:1
B46: SUHF Rekommendation 2; Åtgärd 1 - Lärosätet bör överväga att: Senast under 2023 säkerställa att det finns en sammanhållen ändamålsenlig, synlig och professionell operativ rådgivnings- och stödfunktion för forskarna i frågor som rör hantering, lagring, tillgängliggörande och bevarande av forskningsdata. Stödfunktionen bör komplettera domänspecifika kompetenser och bör minst kunna bistå inom verksamhetsområdena arkiv, bibliotek, publicering, juridik och finansieringsstöd. Stödfunktionen bör även vara nära kopplad till de e-infrastruktur- och IT-tjänster som beskrivs i rekommendation 4. Funktionen skulle kunna utvidgas till att stödja forskarna när det gäller även andra digitala resurser, till exempel programvara.
B47: Goda exempel / Förslag till aktiviteter:
B48: Karolinska Institutet DAU:en ingår i KIs Research Data Office och består av personal på universitetsbiblioteket med fokus på stöd kring publicering av data, DAU:en leder också det interna arbetet med lokal lagring kopplat till DORIS. | C48: se på webbsidan
B49: Karolinska Institutet Stöd kring publicering av data. | C49: se på webbsidan
B50: Linnéuniversitetet En DAU finns sedan 2019 för att ge råd och stöd i frågor kring forskningsdata. I DAU:en ingår personal med kompetens inom publicering, metadata, öppen vetenskap, arkiv, informationssäkerhet, juridik, finansieringsstöd och IT-infrastruktur. DAU samordnas av biblioteket. Stöd i publicering med öppen tillgång finns även sedan tidigare på biblioteket. | C50: Ingen länk att hänvisa till
B51: Högskolan i Skövde Avseende forskningsdata: DAU:en utgör en första kontaktyta. Rena IT-frågor kommer ofta direkt till IT helpdesk. Ibland kommer frågor direkt till olika befattningshavare. Supportorganisationen är inte formaliserad, men fungerar i praktiken så som en first line support. (Från cellkommentar till aktivitet 44 i ”Kartläggning av DAU-aktiviteter”, senast uppdaterad 2022-10-26.) Ett samlat stöd kring samtliga former av öppen vetenskap erbjuds inte. Vad som är planerat: Avseende forskningsdata: DAU:ens forskningsrådgivare finns med i det initiala skedet av forskningsprojekten. I det sammanhanget kommer hon att bevaka forskningsdatafrågor i kontakterna med forskningsgrupperna. | C51: Ingen länk att hänvisa till
B52: Högskolan i Borås Genomfört: Vi har en DAU men inte särskilt aktiv eller välankrad i verksamheten. Den har en fast e-post-adress dit frågor kommer men väldigt sällan. | C52: Ingen länk att hänvisa till
B53: Högskolan i Halmstad Genomfört: Högskolan har tagit ett beslut på att en DAU-funktion (stödfunktion för forskningsdata) ska finnas inom verksamhetsstödet. 2021 flyttades ansvaret för DAU-funktionen över till Högskolekansliet, som koordinerar stöd och supportfunktionen. Funktionen är ganska väl förankrad med en Helpdesk-support och mycket information på webben. Supportfunktionen används ganska frekvent. Handledningsstöd har börjat hållas på förfrågan av forskare, och informationstillfällen sker regelbundet på Akademierna. | C53: Ingen länk att hänvisa till
B54: BTH 1. Inget permanent uppdrag än (2023-01-25). 2. Deltar i SND:s nätverk och fokusgrupp. Forskare vid deltar i nationell äldre-forskning SNAC. 4. N/A 5. Aktiviteter som planeras och kommer finnas med i DAU:s kommunikationsplan. | C54: Ingen länk att hänvisa till
B55: Karlstads universitet Forskningsdatagruppen har sedan 2018 utgjort en sammanhållen och ändamålsenlig operativ rådgivnings- och stödfunktion för forskarna i frågor som rör hantering, lagring, tillgängliggörande och bevarande av forskningsdata. Stödfunktionen kan komplettera domänspecifika kompetenser och kan bistå inom verksamhetsområdena arkiv, publicering, GDPR, juridik, finansieringsstöd samt e-infrastrukturella tjänster. I sitt arbete har funktionerna även som uppgift att säkerställa att lagstiftning och riktlinjer efterlevs inom sina respektive ansvarsområden. Ansvar för inköp och förvaltning av programvara åligger IT-beställarråd och den forskningsadministrativa styrgruppen. Om forskningsdata | Karlstads universitet (kau.se) | C55: Ingen länk att hänvisa till
B56: KTH Det finns ett forskningsdatateam (DAU) inom Verksamhetsstödet. | C56: Ingen länk att hänvisa till
B57: Mälardalens universitet Sedan 2018 har det övergripande forskningsdataansvaret och därmed även det koordinerande ansvaret för etablerandet av en DAU legat hos biblioteket. Vår universitetsdirektör beslutade formellt våren 2022 att DAU:en ligger under lärosätets gemensamma verksamhetsstöd och skrivits in i bibliotekets arbetsordning. DAU:ens olika komponenter (jurister, forskningsrådgivare, arkivarie, IT och bibliotekarier) är alla belägna i det gemensamma verksamhetsstödet, vilket förenklar mötens regelbundenhet samt resurstillgångar. Forskningsdatapolicy beslutades av rektor juni 2022. 31 januari 2023 lanseras Sunet Drive som lagringslösning. | C57: Ingen länk att hänvisa till
B58: Stockholms universitet Det finns ett förvaltningsövergripande Forskningsdatateam. I teamet ingår Forskningsdatagruppen, IT-arkivarie, jurist, forskningssekreterare och kontakt med IT-avdelningen. | C58: se på webbsidan
B59: Stockholms universitet Det finns stöd för vetenskaplig publicering. | C59: se på webbsidan
B60: Åtgärd 2:2
B61: SUHF Rekommendation 2; Åtgärd 2 - Lärosätet bör överväga att: Senast under 2025 säkerställa att det finns ändamålsenlig utbildning på forskarutbildningsnivå och kompetensutvecklig för forskare som gör det möjligt för forskare att tillägna sig nödvändiga färdigheter i öppna forskningspraktiker och god hantering av forskningsdata enligt nya normer och forskningspraxis så att detta är etablerat och inkluderat i grundläggande forskningsutförande 2026.
B62: Goda exempel / Förslag till aktiviteter:
B63: Karolinska Institutet Sedan flera år tillbaka har vi en obligatorisk webbkurs för alla doktorander där bl a öppen vetenskap ingår. Kursen (https://ki.instructure.com/courses/4158), som RDO ansvarar för, är även öppen för andra. | C63: se på webbsidan
B64: Högskolan i Skövde Vad som är genomfört: Avseende såväl forskningsdata som publikationer: Tutorial, etikkursen för doktorander, uppsökande info till t.ex. grupper och gruppledare. (Från cellkommentar till aktivitet 49 i Kartläggning av DAU-aktiviteter, senast uppdaterad 2022-10-26.) Högskolebibliotekets forskarstödsteam kan på förfrågan vägleda kring open access under hela projektets gång. | C64: Ingen länk att hänvisa till
B65: Högskolan i Borås Genomfört: Vi har en kurs för doktorander att hantera forskningsdata. Kursen är högskolegemensam men inte obligatorisk för andra än de inom biblioteks- och informationsvetenskap, i alla fall enligt den allmänna studieplanen för forskarstudierna inom BoI. Forskningsdata diskuteras till en viss grad även inom etikkursen. | C65: Ingen länk att hänvisa till
B66: Högskolan i Halmstad Genomfört: Representant från DAU deltar i handledning av forskargrupper vid önskemål. Forskningsstödet har genomfört kurser för forskningsprojektledare där forskningsdata har varit ett inslag i kursen. Högskolebiblioteket och bibliotekschef ansvarar för frågor kring open access kopplat till publikationsprocessen och bevakar de transformativa konsortiseavtalen. | C66: Ingen länk att hänvisa till
B67: Linnéuniversitetet Biblioteket, finansieringsstödet m.fl. anordnar sporadiskt föreläsningar som rör öppen vetenskap. | C67: Ingen länk att hänvisa till
B68: BTH DAU deltar i doktorandkurser som stödverksamheten genomför. | C68: Ingen länk att hänvisa till
B69: Karlstads universitet Fakulteterna ansvaret för att främja en arbetskultur som bidrar till att öppen vetenskap blir en del av forskares vardag och att öppen vetenskap och dess praktik integreras i utbildningar på avancerad nivå och forskarutbildning. Vid Karlstads universitet erbjuds idag kurser och utbildningar som helt eller delvis belyser frågor om öppen vetenskap: · Workshop med fokus på transkriberingstjänsten NVIVO · Forskningsdatahantering och öppen tillgång ingår även som delmoment inom lärosätets forskarutbildningskurser för etik i forskning och informationssökning, Forskarhandledarutbildning och CTRIVE, kompetensutvecklingsprogram för forskare. | C69: Ingen länk att hänvisa till
B70: KTH Det finns inget generellt obligatoriskt moment i forskarutbildningen. Mig veterligen finns det inte heller något forskarutbildningsprogram som har obligatoriska sådana moment. Däremot håller biblioteket regelbundet utbildningstillfällen inom öppen vetenskap och forskningsdatahantering. | C70: Ingen länk att hänvisa till
B71: Chalmers Chalmers e-Commons/Data Office erbjuder stöd och utbildning inom datahantering och öppen vetenskap i samarbete med Biblioteket, Dataskyddombudet, IT/datasäkerhet, m.m. Vem som involveras beror på forskarens behov, men samarbetet säkrar rätt kunskap. Styrdokument för god hantering av forskningsdata har tagits fram - rektorsbeslut inväntas. Styrdokumentet definierar Chalmers vs forskarens ansvar, och innehåller tre rekommendationer: 1) Alla forskningsaktiviteter på Chalmers ska upprätta och underhålla en datahanteringsplan; 2) Forskningsdatas ägandeskap ska behållas inom Chalmers och data ska så långt som möjligt lagras under Chalmers kontroll; 3) Alla forskningsdata som bedöms vara viktiga för att långsiktigt dokumentera forskningen ska vara så FAIR som möjligt. Ett vägledningsdokument ska innehålla praktisk information om hur dessa rekommendationer ska uppnås. Vägledningsdokument är i utkastsfas. Ett parallellt arbete pågår med styrdokument för öppen publicering. En ny grupp ska utsättas för att ta vidare arbetet med dessa frågor. | C71: Ingen länk att hänvisa till
B72: Mälardalens universitet Biblioteket har under de senaste åren erbjudit workshops och seminarier i öppen vetenskap, introduktion till forskningsdata + FAIR och datahanteringsplaner + DMP-online. Bibliotekets generella forskarstöd arbetar med att ta fram en poänggivande kurs för doktorander, där forskningsdata kommer att utgöra en del av innehållet. | C72: Ingen länk att hänvisa till
B73: Stockholms universitet Kurser vid enstaka institutioner. Webinars forskningsdatahantering, publicering etc. Open Science kurs för doktorander | C73: Se på webbsidan https://www.su.se/english/news/course-in-open-science-investment-in-your-future-research-career-1.683453
B74: Åtgärd 2:3
B75: SUHF Rekommendation 2; Åtgärd 3 - Lärosätet bör överväga att: Senast under 2025 säkerställa att det finns ändamålsenlig utbildning på grundnivå och avancerad nivå så att öppna forskningspraktiker lärs ut som en integrerad del av utbildning i vetenskaplig metod.
B76: Goda exempel / Förslag till aktiviteter:
B77: Karlstads universitet Inget planerat
B78: Stockholms universitet 2.3 [???]
B79: Linnéuniversitetet Ej som “integrerad del” av utbildningen ännu, men det finns goda exempel, t.ex. praktiseras öppen vetenskap av studenter i psykologi genom tillgängliggörande i Open Science Framework OSF.
B80: SUHF Rekommendation 3 - Att eftersträva att forskningsdata och forskningsresultat så långt som möjligt uppfyller FAIR-principerna.
B81: Åtgärd 3:1
B82: SUHF Rekommendation 3; Åtgärd 1 - Lärosätet bör överväga att: Innan utgången av 2022 används datahanteringsplaner som praxis för att FAIR implementeras i forskningsprojekt redan från början, och att dessa senare kan följas upp.
B83: Goda exempel / Förslag till aktiviteter:
B84: Stockholms universitet Forskare vid Stockholms universitets ska enligt Stockholms universitets policy upprätta en datahanteringsplan (data management plan, DMP) för sitt forskningsprojekt. | C84: se på webbsidan
B85: Karlstads universitet I riktlinjer för hantering av forskningsdata finns en rekommendation om att alla forskare ska upprätta en datahanteringsplan, men inget krav. När det finns krav från forskningsfinansiärer begär Forskningsdatagruppen in datahanteringsplaner för beviljade projekt. Som stöd till forskare finns DMPonline, ett systemverktyg för att upprätta datahanteringsplaner. Forskningsdatagruppen har tagit fram en mall och vägledning som uppmuntrar att beakta FAIR-principerna vid hantering av forskningsdata. | C85: Ingen länk att hänvisa till
B88: Linnéuniversitetet En mall för datahanteringsplaner har tagits fram och rekommenderas till forskare i och med att de beviljas forskningsmedel från de finansiärer som kräver en datahanteringsplan. | C88: Ingen länk att hänvisa till
B89: Åtgärd 3:2
B90: SUHF Rekommendation 3; Åtgärd 2 - Lärosätet bör överväga att: Senast under 2023 fördjupa förståelsen av vad FAIR betyder för forskningsdata och andra forskningsresurser, samt höja kunskapen bland forskare om vad FAIR innebär, kopplat till kvalitet och god forskningssed.
B91: Goda exempel / Förslag till aktiviteter:
B92: Linnéuniversitetet FAIR nämns i Policy för hantering av forskningsdata vid Linnéuniversitetet (dnr 2021/964-1.1.1) | C92: se på webbsidan
B93: Stockholms universitet FAIR nämns i policy för öppen vetenskap och plan med ansvarsfördelning för öppen vetenskap | C93: se på webbsidan
B94: Karlstads universitet Universitets forskningsdata uppfyller i nuläget inte fullt ut kraven för FAIR-principerna men pågående arbete med utveckling av infrastruktur, riktlinjer och stöd bidrar till att det kontinuerligt blir bättre. | C94: Ingen länk att hänvisa till
B97: Åtgärd 3:3
B98: SUHF Rekommendation 3; Åtgärd 3 - Lärosätet bör överväga att: Under 2022 och framledes tillse att det finns fora inom forskningsverksamheten för fördjupad diskussion om öppen vetenskap samt understödja forskardrivna initiativ för öppen vetenskap.
B99: Goda exempel / Förslag till aktiviteter:
B100: Högskolan i Skövde Vad som är genomfört. Avseende forskningsdata: Högskolans riktlinjer för hantering av forskningsdata uttalar stöd för FAIR-principerna, och för bruk av datahanteringsplan, vilket stödjer metadatabeskrivning och dokumentation av data i Doris, liksom av hantering av data i enlighet med FAIR-principerna. Nivån av FAIR-uppfyllnad styrs främst av de obligatoriska fälten i Doris. I andra avseenden än forskningsdata: Inga kända åtgärder. Vad som är planerat: Genom ökad kännedom om FAIR-principerna väntas uppfyllnaden öka. Alltså genom informations- och utbildningsinsatser om FAIR-principerna, datahanteringsplaner och Doris-registrering. | C100: Ingen länk att hänvisa till
B101: Linnéuniversitetet DAU arbetar för att ta fram tjänster och bygga en verksamhet som möjliggör datahantering enligt FAIR. | C101: Ingen länk att hänvisa till
B102: Högskolan i Halmstad Genomfört: I policy och Anvisningar för forskningsdata omnämns FAIR-principerna, och allt eftersom fler forskare använder DMP Online för registrering av datahanteringsplaner där FAIR-principerna beskrivs, blir dessa allt mer kända som praxis för hantering av forskningsdata. Handledning och informationsspridning av datahanteringsplaner i DMP Online sker regelbundet. | C102: Ingen länk att hänvisa till
B103: Karolinska Institutet I Riktlinjerna för forskning så rekommenderas att forskarna upprättar DMPs (länk till höger) | C103: se på webbsidan
B104: men det är inget internt krav i dagsläget utan kraven kommer primärt från externa finansiärer (länk till höger). Alla VRs DMP granskas av RDO, och även vissa för EU- och NIH-projekt. En DMP är dock inte en garant för FAIR, även om FAIR lyfts och ska besvaras. | C104: se på webbsidan
B105: Information om FAIR ingår i den obligatoriska doktorandkursen, och det finns även info på hemsidan och det lyfts vid seminarier och workshops med forskare. | C105: se på webbsidan
B106: DAU:en som ingår i KIs Research Data Office (RDO) och består av personal på universitetsbiblioteket granskar data utifrån FAIR inför publicering i DORIS, och ger stöd och rådgivning till forskare bl a genom stående workshop “Publish and share your data”, samt on-demand. | C106: se på webbsidan
B107: I KIs policy för öppen publicering står ”Publikationerna ska, när så är möjligt, uppfylla FAIR-principerna. | C107: se på webbsidan
B108: Arbetsgruppen för öppen vetenskap, universitetsbiblioteket samt det centrala forskarstödet, ger möjlighet att stödja forskarna och utgör diskussionsforum. | C108: Ingen länk att hänvisa till
B109: BTH DMPOnline är under införande. Utbildning kommer genomföras längre fram. Görs på förfrågan. Rekommendation av repositorier finns i Riktlinjer för hantering av forskningsdata. DAU har deltagit i kollegialt möte angående Riktlinjer för hantering av forskningsdata. Det finns ämnesföreträdargrupp och doktorandnätverk som potentiella diskussionsforum. | C109: Ingen länk att hänvisa till
B110: Karlstads universitet Enligt beslut (RB 148/22) ansvarar dekaner och ämnesföreträdare för att främja en arbetskultur som bidrar till att öppen vetenskap blir en del av forskares vardag. Forskare har kunskap om öppna praktiker inom det egna forskningsämnet och vad det innebär kopplat till kvalitet i forskning och god forskningssed. | C110: Ingen länk att hänvisa till
B111: KTH KTH:s riktlinje för hantering av forskningsdata säger: a) att det ska finnas en datahanteringsplan och b) att data ska vara FAIR så långt som möjligt. KTH Biblioteket har i sitt uppdrag att stödja forskare i frågor om öppen vetenskap och forskningsdatahantering. KTH:s Verksamhetsstöd arbetar (genom forskningsdatateam/DAU) för att bygga upp tjänster som möjliggör och underlättar FAIR datahantering. DMP Online används för datahanteringsplaner och vi håller regelbundna workshops riktade mot forskare som har fått medel där datahanteringsplan krävs (VR, Formas). Under 2023 planerar vi att driftsätta en lagringslösning för att kunna lagra och tillgängliggöra forskningsdata med kontrollerad (begränsad) tillgång. | C111: Ingen länk att hänvisa till
... B114: Stockholms universitet Plan med ansvarsfördelning för öppen vetenskap | C114: se på webbsidan
B115: SUHF Rekommendation 4 - Att erbjuda forskare prisvärda, adekvata och säkra infrastrukturella tjänster – som uppfyller gällande regelverk (framför allt tryckfrihetsförordningen, offentlighet- och sekretesslagen, arkivlagen och GDPR) och FAIR-principerna – för hantering, lagring, tillgängliggörande och bevarande av forskningsdata och forskningsresultat där arkivering och gallring ingår som en integrerad del i forskningsprocessen och arbetet med öppen tillgång.
...

Sheet Om Gantt Chart

Sheet Gantt Chart
D2: Start date: | L2: =M4 -> 44958 | O2: =P4 -> 45047 | R2: =S4 -> 45139 | U2: =V4 -> 45231 | X2: =Y4 -> 45323 | AA2: =AB4 -> 45413 | AD2: =AE4 -> 45505 | AG2: =AH4 -> 45597 | AJ2: =AK4 -> 45689 | AM2: =AN4 -> 45778 | AP2: =AQ4 -> 45870 | AS2: =AT4 -> 45962 | AV2: =AW4 -> 46054 | AY2: =AZ4 -> 46143 | BB2: =BC4 -> 46235 | BE2: =BF4 -> 46327 | BH2: =BI4 -> 46419 | BK2: =BL4 -> 46508 | BN2: =BO4 -> 46600 | BQ2: =BR4 -> 46692 | BT2: =BU4 -> 46784 | BW2: =BX4 -> 46874 | BZ2: =CA4 -> 46966 | CC2: =CD4 -> 47058 | CF2: =CG4 -> 47150 | CI2: =CJ4 -> 47239 | CL2: =CM4 -> 47331 | CO2: =CP4 -> 47423 | CR2: =CS4 -> 47515 | CU2: =CV4 -> 47604 | CX2: =CY4 -> 47696 | DA2: =DB4 -> 47788 | DD2: =DE4 -> 47880 | DG2: =DH4 -> 47969
D3: 44927 | L3: =IF(MONTH(M4)=2,$C308,IF(MONTH(M4)=5,$C309,IF(MONTH(M4)=8,$C310,IF(MONTH(M4)=11,$C311,"")))) -> Q1 | O3: =IF(MONTH(P4)=2,$C308,IF(MONTH(P4)=5,$C309,IF(MONTH(P4)=8,$C310,IF(MONTH(P4)=11,$C311,"")))) -> Q2 | R3: =IF(MONTH(S4)=2,$C308,IF(MONTH(S4)=5,$C309,IF(MONTH(S4)=8,$C310,IF(MONTH(S4)=11,$C311,"")))) -> Q3 | U3: =IF(MONTH(V4)=2,$C308,IF(MONTH(V4)=5,$C309,IF(MONTH(V4)=8,$C310,IF(MONTH(V4)=11,$C311,"")))) -> Q4 | X3: =IF(MONTH(Y4)=2,$C308,IF(MONTH(Y4)=5,$C309,IF(MONTH(Y4)=8,$C310,IF(MONTH(Y4)=11,$C311,"")))) -> Q1 | AA3: =IF(MONTH(AB4)=2,$C308,IF(MONTH(AB4)=5,$C309,IF(MONTH(AB4)=8,$C310,IF(MONTH(AB4)=11,$C311,"")))) -> Q2 | AD3: =IF(MONTH(AE4)=2,$C308,IF(MONTH(AE4)=5,$C309,IF(MONTH(AE4)=8,$C310,IF(MONTH(AE4)=11,$C311,"")))) -> Q3 | AG3: =IF(MONTH(AH4)=2,$C308,IF(MONTH(AH4)=5,$C309,IF(MONTH(AH4)=8,$C310,IF(MONTH(AH4)=11,$C311,"")))) -> Q4 | AJ3: =IF(MONTH(AK4)=2,$C308,IF(MONTH(AK4)=5,$C309,IF(MONTH(AK4)=8,$C310,IF(MONTH(AK4)=11,$C311,"")))) -> Q1 | AM3: =IF(MONTH(AN4)=2,$C308,IF(MONTH(AN4)=5,$C309,IF(MONTH(AN4)=8,$C310,IF(MONTH(AN4)=11,$C311,"")))) -> Q2 | AP3: =IF(MONTH(AQ4)=2,$C308,IF(MONTH(AQ4)=5,$C309,IF(MONTH(AQ4)=8,$C310,IF(MONTH(AQ4)=11,$C311,"")))) -> Q3 | AS3: =IF(MONTH(AT4)=2,$C308,IF(MONTH(AT4)=5,$C309,IF(MONTH(AT4)=8,$C310,IF(MONTH(AT4)=11,$C311,"")))) -> Q4 | AV3: =IF(MONTH(AW4)=2,$C308,IF(MONTH(AW4)=5,$C309,IF(MONTH(AW4)=8,$C310,IF(MONTH(AW4)=11,$C311,"")))) -> Q1 | AY3: =IF(MONTH(AZ4)=2,$C308,IF(MONTH(AZ4)=5,$C309,IF(MONTH(AZ4)=8,$C310,IF(MONTH(AZ4)=11,$C311,"")))) -> Q2 | BB3: =IF(MONTH(BC4)=2,$C308,IF(MONTH(BC4)=5,$C309,IF(MONTH(BC4)=8,$C310,IF(MONTH(BC4)=11,$C311,"")))) -> Q3 | BE3: =IF(MONTH(BF4)=2,$C308,IF(MONTH(BF4)=5,$C309,IF(MONTH(BF4)=8,$C310,IF(MONTH(BF4)=11,$C311,"")))) -> Q4 | BH3: =IF(MONTH(BI4)=2,$C308,IF(MONTH(BI4)=5,$C309,IF(MONTH(BI4)=8,$C310,IF(MONTH(BI4)=11,$C311,"")))) -> Q1 | BK3: =IF(MONTH(BL4)=2,$C308,IF(MONTH(BL4)=5,$C309,IF(MONTH(BL4)=8,$C310,IF(MONTH(BL4)=11,$C311,"")))) -> Q2 | BN3: =IF(MONTH(BO4)=2,$C308,IF(MONTH(BO4)=5,$C309,IF(MONTH(BO4)=8,$C310,IF(MONTH(BO4)=11,$C311,"")))) -> Q3 | BQ3: =IF(MONTH(BR4)=2,$C308,IF(MONTH(BR4)=5,$C309,IF(MONTH(BR4)=8,$C310,IF(MONTH(BR4)=11,$C311,"")))) -> Q4 | BT3: =IF(MONTH(BU4)=2,$C308,IF(MONTH(BU4)=5,$C309,IF(MONTH(BU4)=8,$C310,IF(MONTH(BU4)=11,$C311,"")))) -> Q1 | BW3: =IF(MONTH(BX4)=2,$C308,IF(MONTH(BX4)=5,$C309,IF(MONTH(BX4)=8,$C310,IF(MONTH(BX4)=11,$C311,"")))) -> Q2 | BZ3: =IF(MONTH(CA4)=2,$C308,IF(MONTH(CA4)=5,$C309,IF(MONTH(CA4)=8,$C310,IF(MONTH(CA4)=11,$C311,"")))) -> Q3 | CC3: =IF(MONTH(CD4)=2,$C308,IF(MONTH(CD4)=5,$C309,IF(MONTH(CD4)=8,$C310,IF(MONTH(CD4)=11,$C311,"")))) -> Q4 | CF3: =IF(MONTH(CG4)=2,$C308,IF(MONTH(CG4)=5,$C309,IF(MONTH(CG4)=8,$C310,IF(MONTH(CG4)=11,$C311,"")))) -> Q1 | CI3: =IF(MONTH(CJ4)=2,$C308,IF(MONTH(CJ4)=5,$C309,IF(MONTH(CJ4)=8,$C310,IF(MONTH(CJ4)=11,$C311,"")))) -> Q2 | CL3: =IF(MONTH(CM4)=2,$C308,IF(MONTH(CM4)=5,$C309,IF(MONTH(CM4)=8,$C310,IF(MONTH(CM4)=11,$C311,"")))) -> Q3 | CO3: =IF(MONTH(CP4)=2,$C308,IF(MONTH(CP4)=5,$C309,IF(MONTH(CP4)=8,$C310,IF(MONTH(CP4)=11,$C311,"")))) -> Q4 | CR3: =IF(MONTH(CS4)=2,$C308,IF(MONTH(CS4)=5,$C309,IF(MONTH(CS4)=8,$C310,IF(MONTH(CS4)=11,$C311,"")))) -> Q1 | CU3: =IF(MONTH(CV4)=2,$C308,IF(MONTH(CV4)=5,$C309,IF(MONTH(CV4)=8,$C310,IF(MONTH(CV4)=11,$C311,"")))) -> Q2 | CX3: =IF(MONTH(CY4)=2,$C308,IF(MONTH(CY4)=5,$C309,IF(MONTH(CY4)=8,$C310,IF(MONTH(CY4)=11,$C311,"")))) -> Q3 | DA3: =IF(MONTH(DB4)=2,$C308,IF(MONTH(DB4)=5,$C309,IF(MONTH(DB4)=8,$C310,IF(MONTH(DB4)=11,$C311,"")))) -> Q4 | DD3: =IF(MONTH(DE4)=2,$C308,IF(MONTH(DE4)=5,$C309,IF(MONTH(DE4)=8,$C310,IF(MONTH(DE4)=11,$C311,"")))) -> Q1 | DG3: =IF(MONTH(DH4)=2,$C308,IF(MONTH(DH4)=5,$C309,IF(MONTH(DH4)=8,$C310,IF(MONTH(DH4)=11,$C311,"")))) -> Q2
L4: =DATE(YEAR(D3),FLOOR(MONTH(D3)-1,3)+1,1) -> 44927 | M4: =EDATE(L4,1) -> 44958 | N4: =EDATE(M4,1) -> 44986 | O4: =EDATE(N4,1) -> 45017 | P4: =EDATE(O4,1) -> 45047 | Q4: =EDATE(P4,1) -> 45078 | R4: =EDATE(Q4,1) -> 45108 | S4: =EDATE(R4,1) -> 45139 | T4: =EDATE(S4,1) -> 45170 | ... DJ4: =EDATE(DI4,1) -> 48030 | DK4: =DJ4+7 -> 48037
B5: # | C5: Rekommendation / Åtgärd | D5: Utförs av | E5: Beroende | F5: Beroende slutdatum | G5: Planerat slutdatum | H5: Faktiskt slutdatum | I5: dagar | J5: Status
B6: Column1 | C6: Column2 | D6: Column3 | E6: Column4 | F6: Column5 | G6: Column6 | H6: Column7 | I6: Column8 | J6: Column9 | K6: Column10 | L6: Column11 | M6: Column12 | N6: Column13 | O6: Column14 | P6: Column15 | Q6: Column16 | R6: Column17 | S6: Column18 | T6: Column19 | U6: Column20 | V6: Column21 | W6: Column22 | X6: Column23 | Y6: Column24 | Z6: Column25 | AA6: Column26 | AB6: Column27 | AC6: Column28 | AD6: Column29 | AE6: Column30 | AF6: Column31 | AG6: Column32 | AH6: Column33 | AI6: Column34 | AJ6: Column35 | AK6: Column36 | AL6: Column37 | AM6: Column38 | AN6: Column39 | AO6: Column40 | AP6: Column41 | AQ6: Column42 | AR6: Column43 | AS6: Column44 | AT6: Column45 | AU6: Column46 | AV6: Column47 | AW6: Column48 | AX6: Column49 | AY6: Column50 | AZ6: Column51 | BA6: Column52 | BB6: Column53 | BC6: Column54 | BD6: Column55 | BE6: Column56 | BF6: Column57 | BG6: Column58 | BH6: Column59 | BI6: Column60 | BJ6: Column61 | BK6: Column62 | BL6: Column63 | BM6: Column64 | BN6: Column65 | BO6: Column66 | BP6: Column67 | BQ6: Column68 | BR6: Column69 | BS6: Column70 | BT6: Column71 | BU6: Column72 | BV6: Column73 | BW6: Column74 | BX6: Column75 | BY6: Column76 | BZ6: Column77 | CA6: Column78 | CB6: Column79 | CC6: Column80 | CD6: Column81 | CE6: Column82 | CF6: Column83 | CG6: Column84 | CH6: Column85 | CI6: Column86 | CJ6: Column87 | CK6: Column88 | CL6: Column89 | CM6: Column90 | CN6: Column91 | CO6: Column92 | CP6: Column93 | CQ6: Column94 | CR6: Column95 | CS6: Column96 | CT6: Column97 | CU6: Column98 | CV6: Column99 | CW6: Column100 | CX6: Column101 | CY6: Column102 | CZ6: Column103 | DA6: Column104 | DB6: Column105 | DC6: Column106 | DD6: Column107 | DE6: Column108 | DF6: Column109 | DG6: Column110 | DH6: Column111 | DI6: Column112 | DJ6: Column113 | DK6: Column114
F7: {=IF(NOT(ISBLANK($E7)),MAX(INDEX($A$1:$Y$1043,IF(_xlfn.TEXTSPLIT($E7, ",")=B4:B261, ROW(B4:B261), 0), 7)), "")}
B8: Rek1 | C8: SUHF Rekommendation 1 - Att skapa forsknings- och utbildningsmiljöer som stödjer, uppmuntrar, informerar och utbildar om öppen vetenskap som praxis, genom att anta, implementera och förankra lokala styrdokument eller ramverk. | D8: Namn | F8: {=IF(NOT(ISBLANK($E8)),MAX(INDEX($A$1:$Y$1043,IF(_xlfn.TEXTSPLIT($E8, ",")=$B$5:$B$262, ROW($B$5:$B$262), 0), 7)), "")} | I8: =IF(H8="","",NETWORKDAYS(G8,H8)) | J8: =IF(ISBLANK('Uppföljning + Utveckling'!D5),"",'Uppföljning + Utveckling'!D5) | L8: =IF(AND(MONTH(L$4)=MONTH($H8),YEAR(L$4)=YEAR($H8)),"u","") | M8: =IF(AND(MONTH(M$4)=MONTH($H8),YEAR(M$4)=YEAR($H8)),"u","") | N8: =IF(AND(MONTH(N$4)=MONTH($H8),YEAR(N$4)=YEAR($H8)),"u","") | O8: =IF(AND(MONTH(O$4)=MONTH($H8),YEAR(O$4)=YEAR($H8)),"u","") | P8: =IF(AND(MONTH(P$4)=MONTH($H8),YEAR(P$4)=YEAR($H8)),"u","") | Q8: =IF(AND(MONTH(Q$4)=MONTH($H8),YEAR(Q$4)=YEAR($H8)),"u","") | R8: =IF(AND(MONTH(R$4)=MONTH($H8),YEAR(R$4)=YEAR($H8)),"u","") | S8: =IF(AND(MONTH(S$4)=MONTH($H8),YEAR(S$4)=YEAR($H8)),"u","") | ... DK8: =IF(AND(MONTH(DK$4)=MONTH($H8),YEAR(DK$4)=YEAR($H8)),"u","")
B9: Åtg1.1 | C9: Rekommendation 1; Åtgärd 1 - Lärosätet bör överväga att: 1) Senast vid utgången av 2022 inrätta en formell strategisk funktion vid lärosätesledningen med inriktning på frågor inom öppen och FAIR vetenskap. Funktionen bör kunna representera läro-sätet nationellt och internationellt inom området, till exempel inom frågor som rör EOSC-A, och vara en samordnande koppling mellan lärosätesledningen och den motsvarande operativa stödfunktionen/er (se rekommendation 2, punkt 1). | D9: Namn | F9: {=IF(NOT(ISBLANK($E9)),MAX(INDEX($A$1:$Y$1043,IF(_xlfn.TEXTSPLIT($E9, ",")=$B$5:$B$262, ROW($B$5:$B$262), 0), 7)), "")} | I9: =IF(H9="","",NETWORKDAYS(G9,H9)) | J9: =IF(ISBLANK('Uppföljning + Utveckling'!D6),"",'Uppföljning + Utveckling'!D6) | L9: =IF(AND(MONTH(L$4)=MONTH($H9),YEAR(L$4)=YEAR($H9)),"u","") | M9: =IF(AND(MONTH(M$4)=MONTH($H9),YEAR(M$4)=YEAR($H9)),"u","") | N9: =IF(AND(MONTH(N$4)=MONTH($H9),YEAR(N$4)=YEAR($H9)),"u","") | O9: =IF(AND(MONTH(O$4)=MONTH($H9),YEAR(O$4)=YEAR($H9)),"u","") | P9: =IF(AND(MONTH(P$4)=MONTH($H9),YEAR(P$4)=YEAR($H9)),"u","") | Q9: =IF(AND(MONTH(Q$4)=MONTH($H9),YEAR(Q$4)=YEAR($H9)),"u","") | R9: =IF(AND(MONTH(R$4)=MONTH($H9),YEAR(R$4)=YEAR($H9)),"u","") | S9: =IF(AND(MONTH(S$4)=MONTH($H9),YEAR(S$4)=YEAR($H9)),"u","") | ... DK9: =IF(AND(MONTH(DK$4)=MONTH($H9),YEAR(DK$4)=YEAR($H9)),"u","")
B10: Akt1.1.a | C10: Aktivitet1.1.a | F10: {=IF(NOT(ISBLANK($E10)),MAX(INDEX($A$1:$Y$1043,IF(_xlfn.TEXTSPLIT($E10, ",")=$B$5:$B$262, ROW($B$5:$B$262), 0), 7)), "")} | I10: =IF(H10="","",NETWORKDAYS(G10,H10))
B11: Akt1.1.b | C11: Aktivitet1.1.b | F11: {=IF(NOT(ISBLANK($E11)),MAX(INDEX($A$1:$Y$1043,IF(_xlfn.TEXTSPLIT($E11, ",")=$B$5:$B$262, ROW($B$5:$B$262), 0), 7)), "")} | I11: =IF(H11="","",NETWORKDAYS(G11,H11))
B12: Akt1.1.c | C12: Aktivitet1.1.c | F12: {=IF(NOT(ISBLANK($E12)),MAX(INDEX($A$1:$Y$1043,IF(_xlfn.TEXTSPLIT($E12, ",")=$B$5:$B$262, ROW($B$5:$B$262), 0), 7)), "")} | I12: =IF(H12="","",NETWORKDAYS(G12,H12))
B13: Åtg1.2 | C13: Rekommendation 1; Åtgärd 2 - Lärosätet bör överväga att: 2) Senast under 2023 utarbeta/revidera och fastställa strategiska inriktningsbeslut och styrdokument som främjar öppen vetenskap i en internationell och europeisk kontext (FAIR och öppen tillgång till alla digitala vetenskapliga objekt, som publikationer, data, programvara och material, liksom öppna licenser, till exempel CC-licens). | F13: {=IF(NOT(ISBLANK($E13)),MAX(INDEX($A$1:$Y$1043,IF(_xlfn.TEXTSPLIT($E13, ",")=$B$5:$B$262, ROW($B$5:$B$262), 0), 7)), "")} | I13: =IF(H13="","",NETWORKDAYS(G13,H13)) | J13: =IF(ISBLANK('Uppföljning + Utveckling'!D17),"",'Uppföljning + Utveckling'!D17)
B14: Akt1.2.a | F14: {=IF(NOT(ISBLANK($E14)),MAX(INDEX($A$1:$Y$1043,IF(_xlfn.TEXTSPLIT($E14, ",")=$B$5:$B$262, ROW($B$5:$B$262), 0), 7)), "")} | I14: =IF(H14="","",NETWORKDAYS(G14,H14))
B15: Akt1.2.b | F15: {=IF(NOT(ISBLANK($E15)),MAX(INDEX($A$1:$Y$1043,IF(_xlfn.TEXTSPLIT($E15, ",")=$B$5:$B$262, ROW($B$5:$B$262), 0), 7)), "")} | I15: =IF(H15="","",NETWORKDAYS(G15,H15))
B16: Akt1.2.c | F16: {=IF(NOT(ISBLANK($E16)),MAX(INDEX($A$1:$Y$1043,IF(_xlfn.TEXTSPLIT($E16, ",")=$B$5:$B$262, ROW($B$5:$B$262), 0), 7)), "")} | I16: =IF(H16="","",NETWORKDAYS(G16,H16))
B17: Åtg1.3 | C17: Rekommendation 1; Åtgärd 3 - Lärosätet bör överväga att: 3) Senast under 2023 säkerställa att ansvarsfördelningen för området öppen och FAIR vetenskap inom lärosätet är tydliggjord, inklusive förhållanden och kopplingar till andra aktörer nationellt och internationellt, samt att det finns interna organisatoriska strukturer som samarbetar för att på ett långsiktigt sätt säkra teknisk beredskap, kompetens, kapacitetsuppbyggnad och finansiella flöden. | F17: {=IF(NOT(ISBLANK($E17)),MAX(INDEX($A$1:$Y$1043,IF(_xlfn.TEXTSPLIT($E17, ",")=$B$5:$B$262, ROW($B$5:$B$262), 0), 7)), "")} | I17: =IF(H17="","",NETWORKDAYS(G17,H17)) | J17: =IF(ISBLANK('Uppföljning + Utveckling'!D39),"",'Uppföljning + Utveckling'!D39)
B18: Akt1.3.a | F18: {=IF(NOT(ISBLANK($E18)),MAX(INDEX($A$1:$Y$1043,IF(_xlfn.TEXTSPLIT($E18, ",")=$B$5:$B$262, ROW($B$5:$B$262), 0), 7)), "")} | I18: =IF(H18="","",NETWORKDAYS(G18,H18))
B19: Akt1.3.b | F19: {=IF(NOT(ISBLANK($E19)),MAX(INDEX($A$1:$Y$1043,IF(_xlfn.TEXTSPLIT($E19, ",")=$B$5:$B$262, ROW($B$5:$B$262), 0), 7)), "")} | I19: =IF(H19="","",NETWORKDAYS(G19,H19))
B20: Akt1.3.c | F20: {=IF(NOT(ISBLANK($E20)),MAX(INDEX($A$1:$Y$1043,IF(_xlfn.TEXTSPLIT($E20, ",")=$B$5:$B$262, ROW($B$5:$B$262), 0), 7)), "")} | I20: =IF(H20="","",NETWORKDAYS(G20,H20))
B21: REK2 | C21: SUHF Rekommendation 2 - Att tillhandahålla relevanta forsknings- och utbildningsstödjande tjänster avseende öppen vetenskap, som resurseffektivt kan möta forskarnas behov av stöd genom hela forskningsprocessen, det vill säga före, under och efter ett forskningsprojekt. | F21: {=IF(NOT(ISBLANK($E21)),MAX(INDEX($A$1:$Y$1043,IF(_xlfn.TEXTSPLIT($E21, ",")=$B$5:$B$262, ROW($B$5:$B$262), 0), 7)), "")} | I21: =IF(H21="","",NETWORKDAYS(G21,H21)) | J21: =IF(ISBLANK('Uppföljning + Utveckling'!D44),"",'Uppföljning + Utveckling'!D44)
B22: Åtg2.1 | C22: Rekommendation 2; Åtgärd 1 - Lärosätet bör överväga att: Senast under 2023 säkerställa att det finns en sammanhållen ändamålsenlig, synlig och professionell operativ rådgivnings- och stödfunktion för forskarna i frågor som rör hantering, lagring, tillgängliggörande och bevarande av forskningsdata. Stödfunktionen bör komplettera domänspecifika kompetenser och bör minst kunna bistå inom verksamhetsområdena arkiv, bibliotek, publicering, juridik och finansieringsstöd. Stödfunktionen bör även vara nära kopplad till de e-infrastruktur- och IT-tjänster som beskrivs i rekommendation 4. Funktionen skulle kunna utvidgas till att stödja forskarna när det gäller även andra digitala resurser, till exempel programvara. | F22: {=IF(NOT(ISBLANK($E22)),MAX(INDEX($A$1:$Y$1043,IF(_xlfn.TEXTSPLIT($E22, ",")=$B$5:$B$262, ROW($B$5:$B$262), 0), 7)), "")} | I22: =IF(H22="","",NETWORKDAYS(G22,H22)) | J22: =IF(ISBLANK('Uppföljning + Utveckling'!D45),"",'Uppföljning + Utveckling'!D45)
B23: Akt2.1.a | F23: {=IF(NOT(ISBLANK($E23)),MAX(INDEX($A$1:$Y$1043,IF(_xlfn.TEXTSPLIT($E23, ",")=$B$5:$B$262, ROW($B$5:$B$262), 0), 7)), "")} | I23: =IF(H23="","",NETWORKDAYS(G23,H23))
B24: Akt2.1.b | F24: {=IF(NOT(ISBLANK($E24)),MAX(INDEX($A$1:$Y$1043,IF(_xlfn.TEXTSPLIT($E24, ",")=$B$5:$B$262, ROW($B$5:$B$262), 0), 7)), "")} | I24: =IF(H24="","",NETWORKDAYS(G24,H24))
B25: Akt2.1.c | F25: {=IF(NOT(ISBLANK($E25)),MAX(INDEX($A$1:$Y$1043,IF(_xlfn.TEXTSPLIT($E25, ",")=$B$5:$B$262, ROW($B$5:$B$262), 0), 7)), "")} | I25: =IF(H25="","",NETWORKDAYS(G25,H25))
B26: Åtg2.2 | C26: Rekommendation 2; Åtgärd 2 - Lärosätet bör överväga att: Senast under 2025 säkerställa att det finns ändamålsenlig utbildning på forskarutbildningsnivå och kompetensutvecklig för forskare som gör det möjligt för forskare att tillägna sig nödvändiga färdigheter i öppna forskningspraktiker och god hantering av forskningsdata enligt nya normer och forskningspraxis så att detta är etablerat och inkluderat i grundläggande forskningsutförande 2026. | F26: {=IF(NOT(ISBLANK($E26)),MAX(INDEX($A$1:$Y$1043,IF(_xlfn.TEXTSPLIT($E26, ",")=$B$5:$B$262, ROW($B$5:$B$262), 0), 7)), "")} | I26: =IF(H26="","",NETWORKDAYS(G26,H26)) | J26: =IF(ISBLANK('Uppföljning + Utveckling'!D60),"",'Uppföljning + Utveckling'!D60)
B27: Akt2.2.a | F27: {=IF(NOT(ISBLANK($E27)),MAX(INDEX($A$1:$Y$1043,IF(_xlfn.TEXTSPLIT($E27, ",")=$B$5:$B$262, ROW($B$5:$B$262), 0), 7)), "")} | I27: =IF(H27="","",NETWORKDAYS(G27,H27))
B28: Akt2.2.b | F28: {=IF(NOT(ISBLANK($E28)),MAX(INDEX($A$1:$Y$1043,IF(_xlfn.TEXTSPLIT($E28, ",")=$B$5:$B$262, ROW($B$5:$B$262), 0), 7)), "")} | I28: =IF(H28="","",NETWORKDAYS(G28,H28))
B29: Akt2.2.c | F29: {=IF(NOT(ISBLANK($E29)),MAX(INDEX($A$1:$Y$1043,IF(_xlfn.TEXTSPLIT($E29, ",")=$B$5:$B$262, ROW($B$5:$B$262), 0), 7)), "")} | I29: =IF(H29="","",NETWORKDAYS(G29,H29))
B30: Åtg2.3 | C30: Rekommendation 2; Åtgärd 3 - Lärosätet bör överväga att: Senast under 2025 säkerställa att det finns ändamålsenlig utbildning på grundnivå och avancerad nivå så att öppna forskningspraktiker lärs ut som en integrerad del av utbildning i vetenskaplig metod. | D30: Namn | F30: {=IF(NOT(ISBLANK($E30)),MAX(INDEX($A$1:$Y$1043,IF(_xlfn.TEXTSPLIT($E30, ",")=$B$5:$B$262, ROW($B$5:$B$262), 0), 7)), "")} | I30: =IF(H30="","",NETWORKDAYS(G30,H30)) | J30: =IF(ISBLANK('Uppföljning + Utveckling'!D74),"",'Uppföljning + Utveckling'!D74)
B31: Akt2.3.a | F31: {=IF(NOT(ISBLANK($E31)),MAX(INDEX($A$1:$Y$1043,IF(_xlfn.TEXTSPLIT($E31, ",")=$B$5:$B$262, ROW($B$5:$B$262), 0), 7)), "")} | I31: =IF(H31="","",NETWORKDAYS(G31,H31))
B32: Akt2.3.b | F32: {=IF(NOT(ISBLANK($E32)),MAX(INDEX($A$1:$Y$1043,IF(_xlfn.TEXTSPLIT($E32, ",")=$B$5:$B$262, ROW($B$5:$B$262), 0), 7)), "")} | I32: =IF(H32="","",NETWORKDAYS(G32,H32))
B33: Akt2.3.c | F33: {=IF(NOT(ISBLANK($E33)),MAX(INDEX($A$1:$Y$1043,IF(_xlfn.TEXTSPLIT($E33, ",")=$B$5:$B$262, ROW($B$5:$B$262), 0), 7)), "")} | I33: =IF(H33="","",NETWORKDAYS(G33,H33))
B34: REK3 | C34: SUHF Rekommendation 3 - Att eftersträva att forskningsdata och forskningsresultat så långt som möjligt uppfyller FAIR-principerna. | F34: {=IF(NOT(ISBLANK($E34)),MAX(INDEX($A$1:$Y$1043,IF(_xlfn.TEXTSPLIT($E34, ",")=$B$5:$B$262, ROW($B$5:$B$262), 0), 7)), "")} | I34: =IF(H34="","",NETWORKDAYS(G34,H34)) | J34: =IF(ISBLANK('Uppföljning + Utveckling'!D80),"",'Uppföljning + Utveckling'!D80)
B35: Åtg3.1 | C35: Rekommendation 3; Åtgärd 1 - Lärosätet bör överväga att: Innan utgången av 2022 används datahanteringsplaner som praxis för att FAIR implementeras i forskningsprojekt redan från början, och att dessa senare kan följas upp | F35: {=IF(NOT(ISBLANK($E35)),MAX(INDEX($A$1:$Y$1043,IF(_xlfn.TEXTSPLIT($E35, ",")=$B$5:$B$262, ROW($B$5:$B$262), 0), 7)), "")} | I35: =IF(H35="","",NETWORKDAYS(G35,H35)) | J35: =IF(ISBLANK('Uppföljning + Utveckling'!D81),"",'Uppföljning + Utveckling'!D81)
B36: Akt3.1.a | F36: {=IF(NOT(ISBLANK($E36)),MAX(INDEX($A$1:$Y$1043,IF(_xlfn.TEXTSPLIT($E36, ",")=$B$5:$B$262, ROW($B$5:$B$262), 0), 7)), "")} | I36: =IF(H36="","",NETWORKDAYS(G36,H36))
B37: Akt3.1.b | F37: {=IF(NOT(ISBLANK($E37)),MAX(INDEX($A$1:$Y$1043,IF(_xlfn.TEXTSPLIT($E37, ",")=$B$5:$B$262, ROW($B$5:$B$262), 0), 7)), "")} | I37: =IF(H37="","",NETWORKDAYS(G37,H37))
B38: Akt3.1.c | F38: {=IF(NOT(ISBLANK($E38)),MAX(INDEX($A$1:$Y$1043,IF(_xlfn.TEXTSPLIT($E38, ",")=$B$5:$B$262, ROW($B$5:$B$262), 0), 7)), "")} | I38: =IF(H38="","",NETWORKDAYS(G38,H38))
B39: Åtg3.2 | C39: Rekommendation 3; Åtgärd 2 - Lärosätet bör överväga att: Senast under 2023 fördjupa förståelsen av vad FAIR betyder för forskningsdata och andra forskningsresurser, samt höja kunskapen bland forskare om vad FAIR innebär, kopplat till kvalitet och god forskningssed | F39: {=IF(NOT(ISBLANK($E39)),MAX(INDEX($A$1:$Y$1043,IF(_xlfn.TEXTSPLIT($E39, ",")=$B$5:$B$262, ROW($B$5:$B$262), 0), 7)), "")} | I39: =IF(H39="","",NETWORKDAYS(G39,H39)) | J39: =IF(ISBLANK('Uppföljning + Utveckling'!D89),"",'Uppföljning + Utveckling'!D89)
B40: Akt3.2.a | F40: {=IF(NOT(ISBLANK($E40)),MAX(INDEX($A$1:$Y$1043,IF(_xlfn.TEXTSPLIT($E40, ",")=$B$5:$B$262, ROW($B$5:$B$262), 0), 7)), "")} | I40: =IF(H40="","",NETWORKDAYS(G40,H40))
B41: Akt3.2.b | F41: {=IF(NOT(ISBLANK($E41)),MAX(INDEX($A$1:$Y$1043,IF(_xlfn.TEXTSPLIT($E41, ",")=$B$5:$B$262, ROW($B$5:$B$262), 0), 7)), "")} | I41: =IF(H41="","",NETWORKDAYS(G41,H41))
B42: Akt3.2.c | F42: {=IF(NOT(ISBLANK($E42)),MAX(INDEX($A$1:$Y$1043,IF(_xlfn.TEXTSPLIT($E42, ",")=$B$5:$B$262, ROW($B$5:$B$262), 0), 7)), "")} | I42: =IF(H42="","",NETWORKDAYS(G42,H42))
B43: Åtg3.3 | C43: Rekommendation 3; Åtgärd 3 - Lärosätet bör överväga att: Under 2022 och framledes tillse att det finns fora inom forskningsverksamheten för fördjupad diskussion om öppen vetenskap samt understödja forskardrivna initiativ för öppen vetenskap | F43: {=IF(NOT(ISBLANK($E43)),MAX(INDEX($A$1:$Y$1043,IF(_xlfn.TEXTSPLIT($E43, ",")=$B$5:$B$262, ROW($B$5:$B$262), 0), 7)), "")} | I43: =IF(H43="","",NETWORKDAYS(G43,H43)) | J43: =IF(ISBLANK('Uppföljning + Utveckling'!D97),"",'Uppföljning + Utveckling'!D97)
B44: Akt3.3.a | F44: {=IF(NOT(ISBLANK($E44)),MAX(INDEX($A$1:$Y$1043,IF(_xlfn.TEXTSPLIT($E44, ",")=$B$5:$B$262, ROW($B$5:$B$262), 0), 7)), "")} | I44: =IF(H44="","",NETWORKDAYS(G44,H44))
B45: Akt3.3.b | F45: {=IF(NOT(ISBLANK($E45)),MAX(INDEX($A$1:$Y$1043,IF(_xlfn.TEXTSPLIT($E45, ",")=$B$5:$B$262, ROW($B$5:$B$262), 0), 7)), "")} | I45: =IF(H45="","",NETWORKDAYS(G45,H45))
B46: Akt3.3.c | F46: {=IF(NOT(ISBLANK($E46)),MAX(INDEX($A$1:$Y$1043,IF(_xlfn.TEXTSPLIT($E46, ",")=$B$5:$B$262, ROW($B$5:$B$262), 0), 7)), "")} | I46: =IF(H46="","",NETWORKDAYS(G46,H46))
B47: REK4 | C47: SUHF Rekommendation 4 - Att erbjuda forskare prisvärda, adekvata och säkra infrastrukturella tjänster – som uppfyller gällande regelverk (framför allt tryckfrihetsförordningen, offentlighet- och sekretesslagen, arkivlagen och GDPR) och FAIR-principerna – för hantering, lagring, tillgängliggörande och bevarande av forskningsdata och forskningsresultat där arkivering och gallring ingår som en integrerad del i forskningsprocessen och arbetet med öppen tillgång. | F47: {=IF(NOT(ISBLANK($E47)),MAX(INDEX($A$1:$Y$1043,IF(_xlfn.TEXTSPLIT($E47, ",")=$B$5:$B$262, ROW($B$5:$B$262), 0), 7)), "")} | I47: =IF(H47="","",NETWORKDAYS(G47,H47)) | J47: =IF(ISBLANK('Uppföljning + Utveckling'!D115),"",'Uppföljning + Utveckling'!D115)
B48: Åtg4.1 | C48: Rekommendation 4; Åtgärd 1 - Lärosätet bör överväga att: Senast under 2023 tillgodose att lärosätet har en heltäckande och behovsanpassad uppsättning av e-infrastrukturtjänster, arbetsprocesser och arbetsflöden samt rådgivning kring god hantering av forskningsdata. Detta inkluderar tjänster för lagring och delning av data under pågående forskningsaktiviteter, koppling till relevanta resurser för dataanalys, tjänster och arbetsflöden för långsiktigt bevarande och tjänster som ger möjligheter till delning och publicering av data. Informerade beslut om val av tjänsteleverantörer bör fattas på hög strategisk nivå baserat på en genomlysning av forskningens behov och gällande regelverk | F48: {=IF(NOT(ISBLANK($E48)),MAX(INDEX($A$1:$Y$1043,IF(_xlfn.TEXTSPLIT($E48, ",")=$B$5:$B$262, ROW($B$5:$B$262), 0), 7)), "")} | I48: =IF(H48="","",NETWORKDAYS(G48,H48)) | J48: =IF(ISBLANK('Uppföljning + Utveckling'!D116),"",'Uppföljning + Utveckling'!D116)
B49: Akt4.1.a | F49: {=IF(NOT(ISBLANK($E49)),MAX(INDEX($A$1:$Y$1043,IF(_xlfn.TEXTSPLIT($E49, ",")=$B$5:$B$262, ROW($B$5:$B$262), 0), 7)), "")} | I49: =IF(H49="","",NETWORKDAYS(G49,H49))
B50: Akt4.1.b | F50: {=IF(NOT(ISBLANK($E50)),MAX(INDEX($A$1:$Y$1043,IF(_xlfn.TEXTSPLIT($E50, ",")=$B$5:$B$262, ROW($B$5:$B$262), 0), 7)), "")} | I50: =IF(H50="","",NETWORKDAYS(G50,H50))
B51: Akt4.1.c | F51: {=IF(NOT(ISBLANK($E51)),MAX(INDEX($A$1:$Y$1043,IF(_xlfn.TEXTSPLIT($E51, ",")=$B$5:$B$262, ROW($B$5:$B$262), 0), 7)), "")} | I51: =IF(H51="","",NETWORKDAYS(G51,H51))
B52: Åtg4.2 | C52: Rekommendation 4; Åtgärd 2 - Lärosätet bör överväga att: Senast under 2025 ombesörja att ytterligare relevanta tjänster för lärosätets forskning inklu-deras i IT-verksamhetsarkitekturen, till exempel koppling mellan e-arkiv, datahanteringsplan, elektronisk anteckningsbok för laboratorier (Electronic Laboratory Notebook – ELN) och andra relevanta digitala stödsystem ingår i erbjudandet till forskarna | F52: {=IF(NOT(ISBLANK($E52)),MAX(INDEX($A$1:$Y$1043,IF(_xlfn.TEXTSPLIT($E52, ",")=$B$5:$B$262, ROW($B$5:$B$262), 0), 7)), "")} | I52: =IF(H52="","",NETWORKDAYS(G52,H52)) | J52: =IF(ISBLANK('Uppföljning + Utveckling'!D128),"",'Uppföljning + Utveckling'!D128)
B53: Akt4.2.a | F53: {=IF(NOT(ISBLANK($E53)),MAX(INDEX($A$1:$Y$1043,IF(_xlfn.TEXTSPLIT($E53, ",")=$B$5:$B$262, ROW($B$5:$B$262), 0), 7)), "")} | I53: =IF(H53="","",NETWORKDAYS(G53,H53))
B54: Akt4.2.b | F54: {=IF(NOT(ISBLANK($E54)),MAX(INDEX($A$1:$Y$1043,IF(_xlfn.TEXTSPLIT($E54, ",")=$B$5:$B$262, ROW($B$5:$B$262), 0), 7)), "")} | I54: =IF(H54="","",NETWORKDAYS(G54,H54))
B55: Akt4.2.c | F55: {=IF(NOT(ISBLANK($E55)),MAX(INDEX($A$1:$Y$1043,IF(_xlfn.TEXTSPLIT($E55, ",")=$B$5:$B$262, ROW($B$5:$B$262), 0), 7)), "")} | I55: =IF(H55="","",NETWORKDAYS(G55,H55))
B56: Åtg4.3 | C56: Rekommendation 4; Åtgärd 3 - Lärosätet bör överväga att: Senast under 2025 ombesörja att tjänsterna och rådgivningen kopplad till dem integreras i en sammanhållen digital infrastruktur med långsiktig finansiering och styrning från forsknings-verksamheten, samt att tjänsterna kan integreras i relevanta nationella och internationella digitala infrastrukturer genom samordning eller samverkan. | F56: {=IF(NOT(ISBLANK($E56)),MAX(INDEX($A$1:$Y$1043,IF(_xlfn.TEXTSPLIT($E56, ",")=$B$5:$B$262, ROW($B$5:$B$262), 0), 7)), "")} | I56: =IF(H56="","",NETWORKDAYS(G56,H56)) | J56: =IF(ISBLANK('Uppföljning + Utveckling'!D135),"",'Uppföljning + Utveckling'!D135)
B57: Akt4.3.a | F57: {=IF(NOT(ISBLANK($E57)),MAX(INDEX($A$1:$Y$1043,IF(_xlfn.TEXTSPLIT($E57, ",")=$B$5:$B$262, ROW($B$5:$B$262), 0), 7)), "")} | I57: =IF(H57="","",NETWORKDAYS(G57,H57))
B58: Akt4.3.b | F58: {=IF(NOT(ISBLANK($E58)),MAX(INDEX($A$1:$Y$1043,IF(_xlfn.TEXTSPLIT($E58, ",")=$B$5:$B$262, ROW($B$5:$B$262), 0), 7)), "")} | I58: =IF(H58="","",NETWORKDAYS(G58,H58))
B59: Akt4.3.c | F59: {=IF(NOT(ISBLANK($E59)),MAX(INDEX($A$1:$Y$1043,IF(_xlfn.TEXTSPLIT($E59, ",")=$B$5:$B$262, ROW($B$5:$B$262), 0), 7)), "")} | I59: =IF(H59="","",NETWORKDAYS(G59,H59))
B60: REK5 | C60: SUHF Rekommendation 5 - Att aktivt samarbeta med andra lärosäten, infrastrukturer och finansiärer för att hitta resurs- och kostnadseffektiva, gemensamma nationella lösningar avseende styrdokument, ramverk och infrastrukturella tjänster. | F60: {=IF(NOT(ISBLANK($E60)),MAX(INDEX($A$1:$Y$1043,IF(_xlfn.TEXTSPLIT($E60, ",")=$B$5:$B$262, ROW($B$5:$B$262), 0), 7)), "")} | I60: =IF(H60="","",NETWORKDAYS(G60,H60)) | J60: =IF(ISBLANK('Uppföljning + Utveckling'!D146),"",'Uppföljning + Utveckling'!D146)
B61: Åtg5.1.a | C61: Rekommendation 5; Åtgärd 1:a - Lärosätet bör överväga att under 2022-2023: Utveckla och aktivt driva ett utökat gemensamt koordinerat samarbete både sinsemellan och tillsammans med andra aktörer, i syfte att säkerställa en för Sverige god tillgång till effektivt utnyttjad och resurseffektiv e-infrastruktur i nationellt hänseende såväl som en del av det ekosystem som byggs upp inom EOSC. | F61: {=IF(NOT(ISBLANK($E61)),MAX(INDEX($A$1:$Y$1043,IF(_xlfn.TEXTSPLIT($E61, ",")=$B$5:$B$262, ROW($B$5:$B$262), 0), 7)), "")} | I61: =IF(H61="","",NETWORKDAYS(G61,H61)) | J61: =IF(ISBLANK('Uppföljning + Utveckling'!D147),"",'Uppföljning + Utveckling'!D147)
B62: Akt5.1.a.a | F62: {=IF(NOT(ISBLANK($E62)),MAX(INDEX($A$1:$Y$1043,IF(_xlfn.TEXTSPLIT($E62, ",")=$B$5:$B$262, ROW($B$5:$B$262), 0), 7)), "")} | I62: =IF(H62="","",NETWORKDAYS(G62,H62))
B63: Akt5.1.a.b | F63: {=IF(NOT(ISBLANK($E63)),MAX(INDEX($A$1:$Y$1043,IF(_xlfn.TEXTSPLIT($E63, ",")=$B$5:$B$262, ROW($B$5:$B$262), 0), 7)), "")} | I63: =IF(H63="","",NETWORKDAYS(G63,H63))
B64: Akt5.1.a.c | F64: {=IF(NOT(ISBLANK($E64)),MAX(INDEX($A$1:$Y$1043,IF(_xlfn.TEXTSPLIT($E64, ",")=$B$5:$B$262, ROW($B$5:$B$262), 0), 7)), "")} | I64: =IF(H64="","",NETWORKDAYS(G64,H64))
B65: Åtg5.1.b | C65: Rekommendation 5; Åtgärd 1.b - Lärosätet bör överväga att under 2022-2023: Utöka samverkan mellan lärosätena inom till exempel policyarbete, utbildningsmaterial, utveckla och implementera gemensamma utbildningar, tekniska lösningar och liknand. | F65: {=IF(NOT(ISBLANK($E65)),MAX(INDEX($A$1:$Y$1043,IF(_xlfn.TEXTSPLIT($E65, ",")=$B$5:$B$262, ROW($B$5:$B$262), 0), 7)), "")} | I65: =IF(H65="","",NETWORKDAYS(G65,H65)) | J65: =IF(ISBLANK('Uppföljning + Utveckling'!D155),"",'Uppföljning + Utveckling'!D155)
B66: Akt5.1.b.a | F66: {=IF(NOT(ISBLANK($E66)),MAX(INDEX($A$1:$Y$1043,IF(_xlfn.TEXTSPLIT($E66, ",")=$B$5:$B$262, ROW($B$5:$B$262), 0), 7)), "")} | I66: =IF(H66="","",NETWORKDAYS(G66,H66))
B67: Akt5.1.b.b | F67: {=IF(NOT(ISBLANK($E67)),MAX(INDEX($A$1:$Y$1043,IF(_xlfn.TEXTSPLIT($E67, ",")=$B$5:$B$262, ROW($B$5:$B$262), 0), 7)), "")} | I67: =IF(H67="","",NETWORKDAYS(G67,H67))
B68: Akt5.1.b.c | F68: {=IF(NOT(ISBLANK($E68)),MAX(INDEX($A$1:$Y$1043,IF(_xlfn.TEXTSPLIT($E68, ",")=$B$5:$B$262, ROW($B$5:$B$262), 0), 7)), "")} | I68: =IF(H68="","",NETWORKDAYS(G68,H68))
B69: REK6 | C69: SUHF Rekommendation 6 - Att främja, delta och samarbeta med internationella aktörer och satsningar exempelvis inom European Open Science Cloud (EOSC) Association och The San Francisco Declaration on Research Assessment (DORA). | F69: {=IF(NOT(ISBLANK($E69)),MAX(INDEX($A$1:$Y$1043,IF(_xlfn.TEXTSPLIT($E69, ",")=$B$5:$B$262, ROW($B$5:$B$262), 0), 7)), "")} | I69: =IF(H69="","",NETWORKDAYS(G69,H69)) | J69: =IF(ISBLANK('Uppföljning + Utveckling'!D166),"",'Uppföljning + Utveckling'!D166)
B70: Åtg6.1.a | C70: Rekommendation 6; Åtgärd 1:a - Lärosätet bör överväga att under 2022-2023: Hålla sig informerat om den internationella utvecklingen inom öppen vetenskap och digital infrastruktur, bland annat inom EOSC. | F70: {=IF(NOT(ISBLANK($E70)),MAX(INDEX($A$1:$Y$1043,IF(_xlfn.TEXTSPLIT($E70, ",")=$B$5:$B$262, ROW($B$5:$B$262), 0), 7)), "")} | I70: =IF(H70="","",NETWORKDAYS(G70,H70)) | J70: =IF(ISBLANK('Uppföljning + Utveckling'!D167),"",'Uppföljning + Utveckling'!D167)
B71: Akt6.1.a.a | F71: {=IF(NOT(ISBLANK($E71)),MAX(INDEX($A$1:$Y$1043,IF(_xlfn.TEXTSPLIT($E71, ",")=$B$5:$B$262, ROW($B$5:$B$262), 0), 7)), "")} | I71: =IF(H71="","",NETWORKDAYS(G71,H71))
B72: Akt6.1.a.b | F72: {=IF(NOT(ISBLANK($E72)),MAX(INDEX($A$1:$Y$1043,IF(_xlfn.TEXTSPLIT($E72, ",")=$B$5:$B$262, ROW($B$5:$B$262), 0), 7)), "")} | I72: =IF(H72="","",NETWORKDAYS(G72,H72))
B73: Akt6.1.a.c | F73: {=IF(NOT(ISBLANK($E73)),MAX(INDEX($A$1:$Y$1043,IF(_xlfn.TEXTSPLIT($E73, ",")=$B$5:$B$262, ROW($B$5:$B$262), 0), 7)), "")} | I73: =IF(H73="","",NETWORKDAYS(G73,H73))
B74: Åtg6.1.b | C74: Rekommendation 6; Åtgärd 1:b - Lärosätet bör överväga att under 2022-2023: Strategiskt värdera ett deltagande i internationella projekt inom området, till exempel EOSC-projekt finansierade av Europeiska kommissionen, antingen enskilt eller genom relevanta nationella konsortier som SND och andra lärosätesägda nationella infrastrukturer. | F74: {=IF(NOT(ISBLANK($E74)),MAX(INDEX($A$1:$Y$1043,IF(_xlfn.TEXTSPLIT($E74, ",")=$B$5:$B$262, ROW($B$5:$B$262), 0), 7)), "")} | I74: =IF(H74="","",NETWORKDAYS(G74,H74)) | J74: =IF(ISBLANK('Uppföljning + Utveckling'!D175),"",'Uppföljning + Utveckling'!D175)
B75: Akt6.1.b.a | F75: {=IF(NOT(ISBLANK($E75)),MAX(INDEX($A$1:$Y$1043,IF(_xlfn.TEXTSPLIT($E75, ",")=$B$5:$B$262, ROW($B$5:$B$262), 0), 7)), "")} | I75: =IF(H75="","",NETWORKDAYS(G75,H75))
B76: Akt6.1.b.b | F76: {=IF(NOT(ISBLANK($E76)),MAX(INDEX($A$1:$Y$1043,IF(_xlfn.TEXTSPLIT($E76, ",")=$B$5:$B$262, ROW($B$5:$B$262), 0), 7)), "")} | I76: =IF(H76="","",NETWORKDAYS(G76,H76))
B77: Akt6.1.b.c | F77: {=IF(NOT(ISBLANK($E77)),MAX(INDEX($A$1:$Y$1043,IF(_xlfn.TEXTSPLIT($E77, ",")=$B$5:$B$262, ROW($B$5:$B$262), 0), 7)), "")} | I77: =IF(H77="","",NETWORKDAYS(G77,H77))
B78: Åtg6.1.c | C78: Rekommendation 6; Åtgärd 1:c - Lärosätet bör överväga att under 2022-2023: Strategiskt värdera att gå med i medlemskapsorganisationen EOSC-A i syfte att påverka och bidra till utvecklingen i Europa. Samverkan mellan de svenska lärosätena och nationellt samarbete ger en stark gemensam röst. | F78: {=IF(NOT(ISBLANK($E78)),MAX(INDEX($A$1:$Y$1043,IF(_xlfn.TEXTSPLIT($E78, ",")=$B$5:$B$262, ROW($B$5:$B$262), 0), 7)), "")} | I78: =IF(H78="","",NETWORKDAYS(G78,H78)) | J78: =IF(ISBLANK('Uppföljning + Utveckling'!D183),"",'Uppföljning + Utveckling'!D183)
B79: Akt6.1.c.a | F79: {=IF(NOT(ISBLANK($E79)),MAX(INDEX($A$1:$Y$1043,IF(_xlfn.TEXTSPLIT($E79, ",")=$B$5:$B$262, ROW($B$5:$B$262), 0), 7)), "")} | I79: =IF(H79="","",NETWORKDAYS(G79,H79))
B80: Akt6.1.c.b | F80: {=IF(NOT(ISBLANK($E80)),MAX(INDEX($A$1:$Y$1043,IF(_xlfn.TEXTSPLIT($E80, ",")=$B$5:$B$262, ROW($B$5:$B$262), 0), 7)), "")} | I80: =IF(H80="","",NETWORKDAYS(G80,H80))
B81: Akt6.1.c.c | F81: {=IF(NOT(ISBLANK($E81)),MAX(INDEX($A$1:$Y$1043,IF(_xlfn.TEXTSPLIT($E81, ",")=$B$5:$B$262, ROW($B$5:$B$262), 0), 7)), "")} | I81: =IF(H81="","",NETWORKDAYS(G81,H81))
B82: Åtg6.2 | C82: Rekommendation 6; Åtgärd 2 - Lärosätet bör överväga att: Strategiskt värdera att signera DORA Declaration11 och följa upp med ett internt arbete i linje med principerna, samt värdera att ställa sig bakom t.ex. Hongkong Principles och Leiden Manifesto. | F82: {=IF(NOT(ISBLANK($E82)),MAX(INDEX($A$1:$Y$1043,IF(_xlfn.TEXTSPLIT($E82, ",")=$B$5:$B$262, ROW($B$5:$B$262), 0), 7)), "")} | I82: =IF(H82="","",NETWORKDAYS(G82,H82)) | J82: =IF(ISBLANK('Uppföljning + Utveckling'!D191),"",'Uppföljning + Utveckling'!D191)
B83: Akt6.2.a | F83: {=IF(NOT(ISBLANK($E83)),MAX(INDEX($A$1:$Y$1043,IF(_xlfn.TEXTSPLIT($E83, ",")=$B$5:$B$262, ROW($B$5:$B$262), 0), 7)), "")} | I83: =IF(H83="","",NETWORKDAYS(G83,H83))
B84: Akt6.2.b | F84: {=IF(NOT(ISBLANK($E84)),MAX(INDEX($A$1:$Y$1043,IF(_xlfn.TEXTSPLIT($E84, ",")=$B$5:$B$262, ROW($B$5:$B$262), 0), 7)), "")} | I84: =IF(H84="","",NETWORKDAYS(G84,H84))
B85: Akt6.2.c | F85: {=IF(NOT(ISBLANK($E85)),MAX(INDEX($A$1:$Y$1043,IF(_xlfn.TEXTSPLIT($E85, ",")=$B$5:$B$262, ROW($B$5:$B$262), 0), 7)), "")} | I85: =IF(H85="","",NETWORKDAYS(G85,H85))
B86: REK7 | C86: SUHF Rekommendation 7 - Att utveckla en incitamentsstruktur som främjar och värderar öppen vetenskap till exempel vid meritbedömning och prestationsbaserad fördelning av medel. | F86: {=IF(NOT(ISBLANK($E86)),MAX(INDEX($A$1:$Y$1043,IF(_xlfn.TEXTSPLIT($E86, ",")=$B$5:$B$262, ROW($B$5:$B$262), 0), 7)), "")} | I86: =IF(H86="","",NETWORKDAYS(G86,H86)) | J86: =IF(ISBLANK('Uppföljning + Utveckling'!D200),"",'Uppföljning + Utveckling'!D200)
B87: Åtg7.1.a | C87: Rekommendation 7; Åtgärd 1:a - Lärosätet bör överväga att under 2022: Delta i EU-kommissionens arbete för utveckling av bedömning av forskning. | F87: {=IF(NOT(ISBLANK($E87)),MAX(INDEX($A$1:$Y$1043,IF(_xlfn.TEXTSPLIT($E87, ",")=$B$5:$B$262, ROW($B$5:$B$262), 0), 7)), "")} | I87: =IF(H87="","",NETWORKDAYS(G87,H87)) | J87: =IF(ISBLANK('Uppföljning + Utveckling'!D201),"",'Uppföljning + Utveckling'!D201)
B88: Akt7.1.a.a | F88: {=IF(NOT(ISBLANK($E88)),MAX(INDEX($A$1:$Y$1043,IF(_xlfn.TEXTSPLIT($E88, ",")=$B$5:$B$262, ROW($B$5:$B$262), 0), 7)), "")} | I88: =IF(H88="","",NETWORKDAYS(G88,H88))
B89: Akt7.1.a.b | F89: {=IF(NOT(ISBLANK($E89)),MAX(INDEX($A$1:$Y$1043,IF(_xlfn.TEXTSPLIT($E89, ",")=$B$5:$B$262, ROW($B$5:$B$262), 0), 7)), "")} | I89: =IF(H89="","",NETWORKDAYS(G89,H89))
B90: Akt7.1.a.c | F90: {=IF(NOT(ISBLANK($E90)),MAX(INDEX($A$1:$Y$1043,IF(_xlfn.TEXTSPLIT($E90, ",")=$B$5:$B$262, ROW($B$5:$B$262), 0), 7)), "")} | I90: =IF(H90="","",NETWORKDAYS(G90,H90))
B91: Åtg7.1.b | C91: Rekommendation 7; Åtgärd 1:b - Lärosätet bör överväga att under 2022: Delta i den internationella och nationella utvecklingen på området tillsammans med finansiärer och andra aktörer, ta ställning till policyutveckling och medverka i densamma. | F91: {=IF(NOT(ISBLANK($E91)),MAX(INDEX($A$1:$Y$1043,IF(_xlfn.TEXTSPLIT($E91, ",")=$B$5:$B$262, ROW($B$5:$B$262), 0), 7)), "")} | I91: =IF(H91="","",NETWORKDAYS(G91,H91)) | J91: =IF(ISBLANK('Uppföljning + Utveckling'!D209),"",'Uppföljning + Utveckling'!D209)
B92: Akt7.1.b.a | F92: {=IF(NOT(ISBLANK($E92)),MAX(INDEX($A$1:$Y$1043,IF(_xlfn.TEXTSPLIT($E92, ",")=$B$5:$B$262, ROW($B$5:$B$262), 0), 7)), "")} | I92: =IF(H92="","",NETWORKDAYS(G92,H92))
B93: Akt7.1.b.b | F93: {=IF(NOT(ISBLANK($E93)),MAX(INDEX($A$1:$Y$1043,IF(_xlfn.TEXTSPLIT($E93, ",")=$B$5:$B$262, ROW($B$5:$B$262), 0), 7)), "")} | I93: =IF(H93="","",NETWORKDAYS(G93,H93))
B94: Akt7.1.b.c | F94: {=IF(NOT(ISBLANK($E94)),MAX(INDEX($A$1:$Y$1043,IF(_xlfn.TEXTSPLIT($E94, ",")=$B$5:$B$262, ROW($B$5:$B$262), 0), 7)), "")} | I94: =IF(H94="","",NETWORKDAYS(G94,H94))
B95: Åtg7.2.a | C95: Rekommendation 7; Åtgärd 2:a - Lärosätet bör överväga att under 2024: Utifrån pågående arbete nationellt och internationellt revidera de kriterier för meritvärdering som står i konflikt med målsättningar om öppen vetenskap. | F95: {=IF(NOT(ISBLANK($E95)),MAX(INDEX($A$1:$Y$1043,IF(_xlfn.TEXTSPLIT($E95, ",")=$B$5:$B$262, ROW($B$5:$B$262), 0), 7)), "")} | I95: =IF(H95="","",NETWORKDAYS(G95,H95)) | J95: =IF(ISBLANK('Uppföljning + Utveckling'!D217),"",'Uppföljning + Utveckling'!D217)
B96: Akt7.2.a.a | F96: {=IF(NOT(ISBLANK($E96)),MAX(INDEX($A$1:$Y$1043,IF(_xlfn.TEXTSPLIT($E96, ",")=$B$5:$B$262, ROW($B$5:$B$262), 0), 7)), "")} | I96: =IF(H96="","",NETWORKDAYS(G96,H96))
B97: Akt7.2.a.b | F97: {=IF(NOT(ISBLANK($E97)),MAX(INDEX($A$1:$Y$1043,IF(_xlfn.TEXTSPLIT($E97, ",")=$B$5:$B$262, ROW($B$5:$B$262), 0), 7)), "")} | I97: =IF(H97="","",NETWORKDAYS(G97,H97))
B98: Akt7.2.a.c | F98: {=IF(NOT(ISBLANK($E98)),MAX(INDEX($A$1:$Y$1043,IF(_xlfn.TEXTSPLIT($E98, ",")=$B$5:$B$262, ROW($B$5:$B$262), 0), 7)), "")} | I98: =IF(H98="","",NETWORKDAYS(G98,H98))
B99: Åtg7.2.b | C99: Rekommendation 7; Åtgärd 2:b - Lärosätet bör överväga att under 2024: Tillse att kvalitetskontroll av forskning utvecklas genom till exempel forskarstödjande tjänster som kan bistå forskarna med att tillse till exempel att rekommendationer vid publicering av olika forskningsresultat uppfylls. | F99: {=IF(NOT(ISBLANK($E99)),MAX(INDEX($A$1:$Y$1043,IF(_xlfn.TEXTSPLIT($E99, ",")=$B$5:$B$262, ROW($B$5:$B$262), 0), 7)), "")} | I99: =IF(H99="","",NETWORKDAYS(G99,H99)) | J99: =IF(ISBLANK('Uppföljning + Utveckling'!D225),"",'Uppföljning + Utveckling'!D225)
B100: Akt7.2.b.a | F100: {=IF(NOT(ISBLANK($E100)),MAX(INDEX($A$1:$Y$1043,IF(_xlfn.TEXTSPLIT($E100, ",")=$B$5:$B$262, ROW($B$5:$B$262), 0), 7)), "")} | I100: =IF(H100="","",NETWORKDAYS(G100,H100))
B101: Akt7.2.b.b | F101: {=IF(NOT(ISBLANK($E101)),MAX(INDEX($A$1:$Y$1043,IF(_xlfn.TEXTSPLIT($E101, ",")=$B$5:$B$262, ROW($B$5:$B$262), 0), 7)), "")} | I101: =IF(H101="","",NETWORKDAYS(G101,H101))
...

Sheet Gantt Chart (expanded view) 
C2: Start date: | K2: =L4 -> 44958 | N2: =O4 -> 45047 | Q2: =R4 -> 45139 | T2: =U4 -> 45231 | W2: =X4 -> 45323 | Z2: =AA4 -> 45413 | AC2: =AD4 -> 45505 | AF2: =AG4 -> 45597 | AI2: =AJ4 -> 45689 | AL2: =AM4 -> 45778 | AO2: =AP4 -> 45870 | AR2: =AS4 -> 45962 | AU2: =AV4 -> 46054 | AX2: =AY4 -> 46143 | BA2: =BB4 -> 46235 | BD2: =BE4 -> 46327 | BG2: =BH4 -> 46419 | BJ2: =BK4 -> 46508 | BM2: =BN4 -> 46600 | BP2: =BQ4 -> 46692 | BS2: =BT4 -> 46784 | BV2: =BW4 -> 46874 | BY2: =BZ4 -> 46966 | CB2: =CC4 -> 47058 | CE2: =CF4 -> 47150 | CH2: =CI4 -> 47239 | CK2: =CL4 -> 47331 | CN2: =CO4 -> 47423 | CQ2: =CR4 -> 47515 | CT2: =CU4 -> 47604 | CW2: =CX4 -> 47696 | CZ2: =DA4 -> 47788 | DC2: =DD4 -> 47880 | DF2: =DG4 -> 47969
C3: 44927 | K3: =IF(MONTH(L4)=2,$C309,IF(MONTH(L4)=5,$C310,IF(MONTH(L4)=8,$C311,IF(MONTH(L4)=11,$C312,"")))) -> Q1 | N3: =IF(MONTH(O4)=2,$C309,IF(MONTH(O4)=5,$C310,IF(MONTH(O4)=8,$C311,IF(MONTH(O4)=11,$C312,"")))) -> Q2 | Q3: =IF(MONTH(R4)=2,$C309,IF(MONTH(R4)=5,$C310,IF(MONTH(R4)=8,$C311,IF(MONTH(R4)=11,$C312,"")))) -> Q3 | T3: =IF(MONTH(U4)=2,$C309,IF(MONTH(U4)=5,$C310,IF(MONTH(U4)=8,$C311,IF(MONTH(U4)=11,$C312,"")))) -> Q4 | W3: =IF(MONTH(X4)=2,$C309,IF(MONTH(X4)=5,$C310,IF(MONTH(X4)=8,$C311,IF(MONTH(X4)=11,$C312,"")))) -> Q1 | Z3: =IF(MONTH(AA4)=2,$C309,IF(MONTH(AA4)=5,$C310,IF(MONTH(AA4)=8,$C311,IF(MONTH(AA4)=11,$C312,"")))) -> Q2 | AC3: =IF(MONTH(AD4)=2,$C309,IF(MONTH(AD4)=5,$C310,IF(MONTH(AD4)=8,$C311,IF(MONTH(AD4)=11,$C312,"")))) -> Q3 | AF3: =IF(MONTH(AG4)=2,$C309,IF(MONTH(AG4)=5,$C310,IF(MONTH(AG4)=8,$C311,IF(MONTH(AG4)=11,$C312,"")))) -> Q4 | AI3: =IF(MONTH(AJ4)=2,$C309,IF(MONTH(AJ4)=5,$C310,IF(MONTH(AJ4)=8,$C311,IF(MONTH(AJ4)=11,$C312,"")))) -> Q1 | AL3: =IF(MONTH(AM4)=2,$C309,IF(MONTH(AM4)=5,$C310,IF(MONTH(AM4)=8,$C311,IF(MONTH(AM4)=11,$C312,"")))) -> Q2 | AO3: =IF(MONTH(AP4)=2,$C309,IF(MONTH(AP4)=5,$C310,IF(MONTH(AP4)=8,$C311,IF(MONTH(AP4)=11,$C312,"")))) -> Q3 | AR3: =IF(MONTH(AS4)=2,$C309,IF(MONTH(AS4)=5,$C310,IF(MONTH(AS4)=8,$C311,IF(MONTH(AS4)=11,$C312,"")))) -> Q4 | AU3: =IF(MONTH(AV4)=2,$C309,IF(MONTH(AV4)=5,$C310,IF(MONTH(AV4)=8,$C311,IF(MONTH(AV4)=11,$C312,"")))) -> Q1 | AX3: =IF(MONTH(AY4)=2,$C309,IF(MONTH(AY4)=5,$C310,IF(MONTH(AY4)=8,$C311,IF(MONTH(AY4)=11,$C312,"")))) -> Q2 | BA3: =IF(MONTH(BB4)=2,$C309,IF(MONTH(BB4)=5,$C310,IF(MONTH(BB4)=8,$C311,IF(MONTH(BB4)=11,$C312,"")))) -> Q3 | BD3: =IF(MONTH(BE4)=2,$C309,IF(MONTH(BE4)=5,$C310,IF(MONTH(BE4)=8,$C311,IF(MONTH(BE4)=11,$C312,"")))) -> Q4 | BG3: =IF(MONTH(BH4)=2,$C309,IF(MONTH(BH4)=5,$C310,IF(MONTH(BH4)=8,$C311,IF(MONTH(BH4)=11,$C312,"")))) -> Q1 | BJ3: =IF(MONTH(BK4)=2,$C309,IF(MONTH(BK4)=5,$C310,IF(MONTH(BK4)=8,$C311,IF(MONTH(BK4)=11,$C312,"")))) -> Q2 | BM3: =IF(MONTH(BN4)=2,$C309,IF(MONTH(BN4)=5,$C310,IF(MONTH(BN4)=8,$C311,IF(MONTH(BN4)=11,$C312,"")))) -> Q3 | BP3: =IF(MONTH(BQ4)=2,$C309,IF(MONTH(BQ4)=5,$C310,IF(MONTH(BQ4)=8,$C311,IF(MONTH(BQ4)=11,$C312,"")))) -> Q4 | BS3: =IF(MONTH(BT4)=2,$C309,IF(MONTH(BT4)=5,$C310,IF(MONTH(BT4)=8,$C311,IF(MONTH(BT4)=11,$C312,"")))) -> Q1 | BV3: =IF(MONTH(BW4)=2,$C309,IF(MONTH(BW4)=5,$C310,IF(MONTH(BW4)=8,$C311,IF(MONTH(BW4)=11,$C312,"")))) -> Q2 | BY3: =IF(MONTH(BZ4)=2,$C309,IF(MONTH(BZ4)=5,$C310,IF(MONTH(BZ4)=8,$C311,IF(MONTH(BZ4)=11,$C312,"")))) -> Q3 | CB3: =IF(MONTH(CC4)=2,$C309,IF(MONTH(CC4)=5,$C310,IF(MONTH(CC4)=8,$C311,IF(MONTH(CC4)=11,$C312,"")))) -> Q4 | CE3: =IF(MONTH(CF4)=2,$C309,IF(MONTH(CF4)=5,$C310,IF(MONTH(CF4)=8,$C311,IF(MONTH(CF4)=11,$C312,"")))) -> Q1 | CH3: =IF(MONTH(CI4)=2,$C309,IF(MONTH(CI4)=5,$C310,IF(MONTH(CI4)=8,$C311,IF(MONTH(CI4)=11,$C312,"")))) -> Q2 | CK3: =IF(MONTH(CL4)=2,$C309,IF(MONTH(CL4)=5,$C310,IF(MONTH(CL4)=8,$C311,IF(MONTH(CL4)=11,$C312,"")))) -> Q3 | CN3: =IF(MONTH(CO4)=2,$C309,IF(MONTH(CO4)=5,$C310,IF(MONTH(CO4)=8,$C311,IF(MONTH(CO4)=11,$C312,"")))) -> Q4 | CQ3: =IF(MONTH(CR4)=2,$C309,IF(MONTH(CR4)=5,$C310,IF(MONTH(CR4)=8,$C311,IF(MONTH(CR4)=11,$C312,"")))) -> Q1 | CT3: =IF(MONTH(CU4)=2,$C309,IF(MONTH(CU4)=5,$C310,IF(MONTH(CU4)=8,$C311,IF(MONTH(CU4)=11,$C312,"")))) -> Q2 | CW3: =IF(MONTH(CX4)=2,$C309,IF(MONTH(CX4)=5,$C310,IF(MONTH(CX4)=8,$C311,IF(MONTH(CX4)=11,$C312,"")))) -> Q3 | CZ3: =IF(MONTH(DA4)=2,$C309,IF(MONTH(DA4)=5,$C310,IF(MONTH(DA4)=8,$C311,IF(MONTH(DA4)=11,$C312,"")))) -> Q4 | DC3: =IF(MONTH(DD4)=2,$C309,IF(MONTH(DD4)=5,$C310,IF(MONTH(DD4)=8,$C311,IF(MONTH(DD4)=11,$C312,"")))) -> Q1 | DF3: =IF(MONTH(DG4)=2,$C309,IF(MONTH(DG4)=5,$C310,IF(MONTH(DG4)=8,$C311,IF(MONTH(DG4)=11,$C312,"")))) -> Q2
K4: =DATE(YEAR(C3),FLOOR(MONTH(C3)-1,3)+1,1) -> 44927 | L4: =EDATE(K4,1) -> 44958 | M4: =EDATE(L4,1) -> 44986 | N4: =EDATE(M4,1) -> 45017 | O4: =EDATE(N4,1) -> 45047 | P4: =EDATE(O4,1) -> 45078 | Q4: =EDATE(P4,1) -> 45108 | R4: =EDATE(Q4,1) -> 45139 | S4: =EDATE(R4,1) -> 45170 | ... DI4: =EDATE(DH4,1) -> 48030 | DJ4: =DI4+7 -> 48037
B5: # | C5: Utförs av | D5: Beroende | E5: Beroende slutdatum | F5: Planerat slutdatum | G5: Faktiskt slutdatum | H5: dagar | I5: Status
B6: Column1 | C6: Column2 | D6: Column3 | E6: Column4 | F6: Column5 | G6: Column6 | H6: Column7 | I6: Column8 | J6: Column9 | K6: Column10 | L6: Column11 | M6: Column12 | N6: Column13 | O6: Column14 | P6: Column15 | Q6: Column16 | R6: Column17 | S6: Column18 | T6: Column19 | U6: Column20 | V6: Column21 | W6: Column22 | X6: Column23 | Y6: Column24 | Z6: Column25 | AA6: Column26 | AB6: Column27 | AC6: Column28 | AD6: Column29 | AE6: Column30 | AF6: Column31 | AG6: Column32 | AH6: Column33 | AI6: Column34 | AJ6: Column35 | AK6: Column36 | AL6: Column37 | AM6: Column38 | AN6: Column39 | AO6: Column40 | AP6: Column41 | AQ6: Column42 | AR6: Column43 | AS6: Column44 | AT6: Column45 | AU6: Column46 | AV6: Column47 | AW6: Column48 | AX6: Column49 | AY6: Column50 | AZ6: Column51 | BA6: Column52 | BB6: Column53 | BC6: Column54 | BD6: Column55 | BE6: Column56 | BF6: Column57 | BG6: Column58 | BH6: Column59 | BI6: Column60 | BJ6: Column61 | BK6: Column62 | BL6: Column63 | BM6: Column64 | BN6: Column65 | BO6: Column66 | BP6: Column67 | BQ6: Column68 | BR6: Column69 | BS6: Column70 | BT6: Column71 | BU6: Column72 | BV6: Column73 | BW6: Column74 | BX6: Column75 | BY6: Column76 | BZ6: Column77 | CA6: Column78 | CB6: Column79 | CC6: Column80 | CD6: Column81 | CE6: Column82 | CF6: Column83 | CG6: Column84 | CH6: Column85 | CI6: Column86 | CJ6: Column87 | CK6: Column88 | CL6: Column89 | CM6: Column90 | CN6: Column91 | CO6: Column92 | CP6: Column93 | CQ6: Column94 | CR6: Column95 | CS6: Column96 | CT6: Column97 | CU6: Column98 | CV6: Column99 | CW6: Column100 | CX6: Column101 | CY6: Column102 | CZ6: Column103 | DA6: Column104 | DB6: Column105 | DC6: Column106 | DD6: Column107 | DE6: Column108 | DF6: Column109 | DG6: Column110 | DH6: Column111 | DI6: Column112 | DJ6: Column113
E7: {=IF(NOT(ISBLANK($D7)),MAX(INDEX($A$1:$X$1044,IF(_xlfn.TEXTSPLIT($D7, ",")=B1:B287, ROW(B1:B287), 0), 6)), "")}
B8: Rek1 | C8: Namn | E8: {=IF(NOT(ISBLANK($D8)),MAX(INDEX($A$1:$X$1044,IF(_xlfn.TEXTSPLIT($D8, ",")=$B$2:$B$288, ROW($B$2:$B$288), 0), 6)), "")} | H8: =IF(G8="","",NETWORKDAYS(F8,G8)) | I8: =IF(ISBLANK('Uppföljning + Utveckling'!D5),"",'Uppföljning + Utveckling'!D5) | K8: =IF(AND(MONTH(K$4)=MONTH($G8),YEAR(K$4)=YEAR($G8)),"u","") | L8: =IF(AND(MONTH(L$4)=MONTH($G8),YEAR(L$4)=YEAR($G8)),"u","") | M8: =IF(AND(MONTH(M$4)=MONTH($G8),YEAR(M$4)=YEAR($G8)),"u","") | N8: =IF(AND(MONTH(N$4)=MONTH($G8),YEAR(N$4)=YEAR($G8)),"u","") | O8: =IF(AND(MONTH(O$4)=MONTH($G8),YEAR(O$4)=YEAR($G8)),"u","") | P8: =IF(AND(MONTH(P$4)=MONTH($G8),YEAR(P$4)=YEAR($G8)),"u","") | Q8: =IF(AND(MONTH(Q$4)=MONTH($G8),YEAR(Q$4)=YEAR($G8)),"u","") | R8: =IF(AND(MONTH(R$4)=MONTH($G8),YEAR(R$4)=YEAR($G8)),"u","") | ... DJ8: =IF(AND(MONTH(DJ$4)=MONTH($G8),YEAR(DJ$4)=YEAR($G8)),"u","")
B9: Åtg1.1 | C9: Namn | E9: {=IF(NOT(ISBLANK($D9)),MAX(INDEX($A$1:$X$1044,IF(_xlfn.TEXTSPLIT($D9, ",")=$B$2:$B$288, ROW($B$2:$B$288), 0), 6)), "")} | H9: =IF(G9="","",NETWORKDAYS(F9,G9)) | I9: =IF(ISBLANK('Uppföljning + Utveckling'!D6),"",'Uppföljning + Utveckling'!D6) | K9: =IF(AND(MONTH(K$4)=MONTH($G9),YEAR(K$4)=YEAR($G9)),"u","") | L9: =IF(AND(MONTH(L$4)=MONTH($G9),YEAR(L$4)=YEAR($G9)),"u","") | M9: =IF(AND(MONTH(M$4)=MONTH($G9),YEAR(M$4)=YEAR($G9)),"u","") | N9: =IF(AND(MONTH(N$4)=MONTH($G9),YEAR(N$4)=YEAR($G9)),"u","") | O9: =IF(AND(MONTH(O$4)=MONTH($G9),YEAR(O$4)=YEAR($G9)),"u","") | P9: =IF(AND(MONTH(P$4)=MONTH($G9),YEAR(P$4)=YEAR($G9)),"u","") | Q9: =IF(AND(MONTH(Q$4)=MONTH($G9),YEAR(Q$4)=YEAR($G9)),"u","") | R9: =IF(AND(MONTH(R$4)=MONTH($G9),YEAR(R$4)=YEAR($G9)),"u","") | ... DJ9: =IF(AND(MONTH(DJ$4)=MONTH($G9),YEAR(DJ$4)=YEAR($G9)),"u","")
B10: Akt1.1.a | E10: {=IF(NOT(ISBLANK($D10)),MAX(INDEX($A$1:$X$1044,IF(_xlfn.TEXTSPLIT($D10, ",")=$B$2:$B$288, ROW($B$2:$B$288), 0), 6)), "")} | H10: =IF(G10="","",NETWORKDAYS(F10,G10))
B11: Akt1.1.b | E11: {=IF(NOT(ISBLANK($D11)),MAX(INDEX($A$1:$X$1044,IF(_xlfn.TEXTSPLIT($D11, ",")=$B$2:$B$288, ROW($B$2:$B$288), 0), 6)), "")} | H11: =IF(G11="","",NETWORKDAYS(F11,G11))
B12: Akt1.1.c | E12: {=IF(NOT(ISBLANK($D12)),MAX(INDEX($A$1:$X$1044,IF(_xlfn.TEXTSPLIT($D12, ",")=$B$2:$B$288, ROW($B$2:$B$288), 0), 6)), "")} | H12: =IF(G12="","",NETWORKDAYS(F12,G12))
B13: Åtg1.2 | E13: {=IF(NOT(ISBLANK($D13)),MAX(INDEX($A$1:$X$1044,IF(_xlfn.TEXTSPLIT($D13, ",")=$B$2:$B$288, ROW($B$2:$B$288), 0), 6)), "")} | H13: =IF(G13="","",NETWORKDAYS(F13,G13)) | I13: =IF(ISBLANK('Uppföljning + Utveckling'!D17),"",'Uppföljning + Utveckling'!D17)
B14: Akt1.2.a | E14: {=IF(NOT(ISBLANK($D14)),MAX(INDEX($A$1:$X$1044,IF(_xlfn.TEXTSPLIT($D14, ",")=$B$2:$B$288, ROW($B$2:$B$288), 0), 6)), "")} | H14: =IF(G14="","",NETWORKDAYS(F14,G14))
B15: Akt1.2.b | E15: {=IF(NOT(ISBLANK($D15)),MAX(INDEX($A$1:$X$1044,IF(_xlfn.TEXTSPLIT($D15, ",")=$B$2:$B$288, ROW($B$2:$B$288), 0), 6)), "")} | H15: =IF(G15="","",NETWORKDAYS(F15,G15))
B16: Akt1.2.c | E16: {=IF(NOT(ISBLANK($D16)),MAX(INDEX($A$1:$X$1044,IF(_xlfn.TEXTSPLIT($D16, ",")=$B$2:$B$288, ROW($B$2:$B$288), 0), 6)), "")} | H16: =IF(G16="","",NETWORKDAYS(F16,G16))
B17: Åtg1.3 | E17: {=IF(NOT(ISBLANK($D17)),MAX(INDEX($A$1:$X$1044,IF(_xlfn.TEXTSPLIT($D17, ",")=$B$2:$B$288, ROW($B$2:$B$288), 0), 6)), "")} | H17: =IF(G17="","",NETWORKDAYS(F17,G17)) | I17: =IF(ISBLANK('Uppföljning + Utveckling'!D39),"",'Uppföljning + Utveckling'!D39)
E18: {=IF(NOT(ISBLANK($D18)),MAX(INDEX($A$1:$X$1044,IF(_xlfn.TEXTSPLIT($D18, ",")=$B$2:$B$288, ROW($B$2:$B$288), 0), 6)), "")} | H18: =IF(G18="","",NETWORKDAYS(F18,G18)) | K18: =IF(AND(MONTH(K$4)=MONTH($G18),YEAR(K$4)=YEAR($G18)),"u","") | L18: =IF(AND(MONTH(L$4)=MONTH($G18),YEAR(L$4)=YEAR($G18)),"u","") | M18: =IF(AND(MONTH(M$4)=MONTH($G18),YEAR(M$4)=YEAR($G18)),"u","") | N18: =IF(AND(MONTH(N$4)=MONTH($G18),YEAR(N$4)=YEAR($G18)),"u","") | O18: =IF(AND(MONTH(O$4)=MONTH($G18),YEAR(O$4)=YEAR($G18)),"u","") | P18: =IF(AND(MONTH(P$4)=MONTH($G18),YEAR(P$4)=YEAR($G18)),"u","") | Q18: =IF(AND(MONTH(Q$4)=MONTH($G18),YEAR(Q$4)=YEAR($G18)),"u","") | R18: =IF(AND(MONTH(R$4)=MONTH($G18),YEAR(R$4)=YEAR($G18)),"u","") | ... DJ18: =IF(AND(MONTH(DJ$4)=MONTH($G18),YEAR(DJ$4)=YEAR($G18)),"u","")
B19: Akt1.3.a | E19: {=IF(NOT(ISBLANK($D19)),MAX(INDEX($A$1:$X$1044,IF(_xlfn.TEXTSPLIT($D19, ",")=$B$2:$B$288, ROW($B$2:$B$288), 0), 6)), "")} | H19: =IF(G19="","",NETWORKDAYS(F19,G19))
B20: Akt1.3.b | E20: {=IF(NOT(ISBLANK($D20)),MAX(INDEX($A$1:$X$1044,IF(_xlfn.TEXTSPLIT($D20, ",")=$B$2:$B$288, ROW($B$2:$B$288), 0), 6)), "")} | H20: =IF(G20="","",NETWORKDAYS(F20,G20))
B21: Akt1.3.c | E21: {=IF(NOT(ISBLANK($D21)),MAX(INDEX($A$1:$X$1044,IF(_xlfn.TEXTSPLIT($D21, ",")=$B$2:$B$288, ROW($B$2:$B$288), 0), 6)), "")} | H21: =IF(G21="","",NETWORKDAYS(F21,G21))
B22: REK2 | E22: {=IF(NOT(ISBLANK($D22)),MAX(INDEX($A$1:$X$1044,IF(_xlfn.TEXTSPLIT($D22, ",")=$B$2:$B$288, ROW($B$2:$B$288), 0), 6)), "")} | H22: =IF(G22="","",NETWORKDAYS(F22,G22)) | I22: =IF(ISBLANK('Uppföljning + Utveckling'!D44),"",'Uppföljning + Utveckling'!D44)
B23: Åtg2.1 | E23: {=IF(NOT(ISBLANK($D23)),MAX(INDEX($A$1:$X$1044,IF(_xlfn.TEXTSPLIT($D23, ",")=$B$2:$B$288, ROW($B$2:$B$288), 0), 6)), "")} | H23: =IF(G23="","",NETWORKDAYS(F23,G23)) | I23: =IF(ISBLANK('Uppföljning + Utveckling'!D45),"",'Uppföljning + Utveckling'!D45)
B24: Akt2.1.a | E24: {=IF(NOT(ISBLANK($D24)),MAX(INDEX($A$1:$X$1044,IF(_xlfn.TEXTSPLIT($D24, ",")=$B$2:$B$288, ROW($B$2:$B$288), 0), 6)), "")} | H24: =IF(G24="","",NETWORKDAYS(F24,G24))
B25: Akt2.1.b | E25: {=IF(NOT(ISBLANK($D25)),MAX(INDEX($A$1:$X$1044,IF(_xlfn.TEXTSPLIT($D25, ",")=$B$2:$B$288, ROW($B$2:$B$288), 0), 6)), "")} | H25: =IF(G25="","",NETWORKDAYS(F25,G25)) | K25: =IF(AND(MONTH(K$4)=MONTH($G25),YEAR(K$4)=YEAR($G25)),"u","") | L25: =IF(AND(MONTH(L$4)=MONTH($G25),YEAR(L$4)=YEAR($G25)),"u","") | M25: =IF(AND(MONTH(M$4)=MONTH($G25),YEAR(M$4)=YEAR($G25)),"u","") | N25: =IF(AND(MONTH(N$4)=MONTH($G25),YEAR(N$4)=YEAR($G25)),"u","") | O25: =IF(AND(MONTH(O$4)=MONTH($G25),YEAR(O$4)=YEAR($G25)),"u","") | P25: =IF(AND(MONTH(P$4)=MONTH($G25),YEAR(P$4)=YEAR($G25)),"u","") | Q25: =IF(AND(MONTH(Q$4)=MONTH($G25),YEAR(Q$4)=YEAR($G25)),"u","") | R25: =IF(AND(MONTH(R$4)=MONTH($G25),YEAR(R$4)=YEAR($G25)),"u","") | ... DJ25: =IF(AND(MONTH(DJ$4)=MONTH($G25),YEAR(DJ$4)=YEAR($G25)),"u","")
B26: Akt2.1.c | E26: {=IF(NOT(ISBLANK($D26)),MAX(INDEX($A$1:$X$1044,IF(_xlfn.TEXTSPLIT($D26, ",")=$B$2:$B$288, ROW($B$2:$B$288), 0), 6)), "")} | H26: =IF(G26="","",NETWORKDAYS(F26,G26))
B27: Akt2.1.d | E27: {=IF(NOT(ISBLANK($D27)),MAX(INDEX($A$1:$X$1044,IF(_xlfn.TEXTSPLIT($D27, ",")=$B$2:$B$288, ROW($B$2:$B$288), 0), 6)), "")} | H27: =IF(G27="","",NETWORKDAYS(F27,G27))
B28: Åtg2.2 | E28: {=IF(NOT(ISBLANK($D28)),MAX(INDEX($A$1:$X$1044,IF(_xlfn.TEXTSPLIT($D28, ",")=$B$2:$B$288, ROW($B$2:$B$288), 0), 6)), "")} | H28: =IF(G28="","",NETWORKDAYS(F28,G28)) | I28: =IF(ISBLANK('Uppföljning + Utveckling'!D60),"",'Uppföljning + Utveckling'!D60)
B29: Akt2.2.a | E29: {=IF(NOT(ISBLANK($D29)),MAX(INDEX($A$1:$X$1044,IF(_xlfn.TEXTSPLIT($D29, ",")=$B$2:$B$288, ROW($B$2:$B$288), 0), 6)), "")} | H29: =IF(G29="","",NETWORKDAYS(F29,G29))
B30: Akt2.2.b | E30: {=IF(NOT(ISBLANK($D30)),MAX(INDEX($A$1:$X$1044,IF(_xlfn.TEXTSPLIT($D30, ",")=$B$2:$B$288, ROW($B$2:$B$288), 0), 6)), "")} | H30: =IF(G30="","",NETWORKDAYS(F30,G30))
B31: Akt2.2.c | E31: {=IF(NOT(ISBLANK($D31)),MAX(INDEX($A$1:$X$1044,IF(_xlfn.TEXTSPLIT($D31, ",")=$B$2:$B$288, ROW($B$2:$B$288), 0), 6)), "")} | H31: =IF(G31="","",NETWORKDAYS(F31,G31))
B32: Åtg2.3 | C32: Namn | E32: {=IF(NOT(ISBLANK($D32)),MAX(INDEX($A$1:$X$1044,IF(_xlfn.TEXTSPLIT($D32, ",")=$B$2:$B$288, ROW($B$2:$B$288), 0), 6)), "")} | H32: =IF(G32="","",NETWORKDAYS(F32,G32)) | I32: =IF(ISBLANK('Uppföljning + Utveckling'!D74),"",'Uppföljning + Utveckling'!D74)
B33: Akt2.3.a | E33: {=IF(NOT(ISBLANK($D33)),MAX(INDEX($A$1:$X$1044,IF(_xlfn.TEXTSPLIT($D33, ",")=$B$2:$B$288, ROW($B$2:$B$288), 0), 6)), "")} | H33: =IF(G33="","",NETWORKDAYS(F33,G33))
B34: Akt2.3.b | E34: {=IF(NOT(ISBLANK($D34)),MAX(INDEX($A$1:$X$1044,IF(_xlfn.TEXTSPLIT($D34, ",")=$B$2:$B$288, ROW($B$2:$B$288), 0), 6)), "")} | H34: =IF(G34="","",NETWORKDAYS(F34,G34))
B35: Akt2.3.c | E35: {=IF(NOT(ISBLANK($D35)),MAX(INDEX($A$1:$X$1044,IF(_xlfn.TEXTSPLIT($D35, ",")=$B$2:$B$288, ROW($B$2:$B$288), 0), 6)), "")} | H35: =IF(G35="","",NETWORKDAYS(F35,G35))
B36: REK3 | E36: {=IF(NOT(ISBLANK($D36)),MAX(INDEX($A$1:$X$1044,IF(_xlfn.TEXTSPLIT($D36, ",")=$B$2:$B$288, ROW($B$2:$B$288), 0), 6)), "")} | H36: =IF(G36="","",NETWORKDAYS(F36,G36)) | I36: =IF(ISBLANK('Uppföljning + Utveckling'!D80),"",'Uppföljning + Utveckling'!D80)
B37: Åtg3.1 | E37: {=IF(NOT(ISBLANK($D37)),MAX(INDEX($A$1:$X$1044,IF(_xlfn.TEXTSPLIT($D37, ",")=$B$2:$B$288, ROW($B$2:$B$288), 0), 6)), "")} | H37: =IF(G37="","",NETWORKDAYS(F37,G37)) | I37: =IF(ISBLANK('Uppföljning + Utveckling'!D81),"",'Uppföljning + Utveckling'!D81)
B38: Akt3.1.a | E38: {=IF(NOT(ISBLANK($D38)),MAX(INDEX($A$1:$X$1044,IF(_xlfn.TEXTSPLIT($D38, ",")=$B$2:$B$288, ROW($B$2:$B$288), 0), 6)), "")} | H38: =IF(G38="","",NETWORKDAYS(F38,G38))
B39: Akt3.1.b | E39: {=IF(NOT(ISBLANK($D39)),MAX(INDEX($A$1:$X$1044,IF(_xlfn.TEXTSPLIT($D39, ",")=$B$2:$B$288, ROW($B$2:$B$288), 0), 6)), "")} | H39: =IF(G39="","",NETWORKDAYS(F39,G39))
B40: Akt3.1.c | E40: {=IF(NOT(ISBLANK($D40)),MAX(INDEX($A$1:$X$1044,IF(_xlfn.TEXTSPLIT($D40, ",")=$B$2:$B$288, ROW($B$2:$B$288), 0), 6)), "")} | H40: =IF(G40="","",NETWORKDAYS(F40,G40))
B41: Åtg3.2 | E41: {=IF(NOT(ISBLANK($D41)),MAX(INDEX($A$1:$X$1044,IF(_xlfn.TEXTSPLIT($D41, ",")=$B$2:$B$288, ROW($B$2:$B$288), 0), 6)), "")} | H41: =IF(G41="","",NETWORKDAYS(F41,G41)) | I41: =IF(ISBLANK('Uppföljning + Utveckling'!D89),"",'Uppföljning + Utveckling'!D89)
B42: Akt3.2.a | E42: {=IF(NOT(ISBLANK($D42)),MAX(INDEX($A$1:$X$1044,IF(_xlfn.TEXTSPLIT($D42, ",")=$B$2:$B$288, ROW($B$2:$B$288), 0), 6)), "")} | H42: =IF(G42="","",NETWORKDAYS(F42,G42))
B43: Akt3.2.b | E43: {=IF(NOT(ISBLANK($D43)),MAX(INDEX($A$1:$X$1044,IF(_xlfn.TEXTSPLIT($D43, ",")=$B$2:$B$288, ROW($B$2:$B$288), 0), 6)), "")} | H43: =IF(G43="","",NETWORKDAYS(F43,G43))
B44: Akt3.2.c | E44: {=IF(NOT(ISBLANK($D44)),MAX(INDEX($A$1:$X$1044,IF(_xlfn.TEXTSPLIT($D44, ",")=$B$2:$B$288, ROW($B$2:$B$288), 0), 6)), "")} | H44: =IF(G44="","",NETWORKDAYS(F44,G44))
B45: Åtg3.3 | E45: {=IF(NOT(ISBLANK($D45)),MAX(INDEX($A$1:$X$1044,IF(_xlfn.TEXTSPLIT($D45, ",")=$B$2:$B$288, ROW($B$2:$B$288), 0), 6)), "")} | H45: =IF(G45="","",NETWORKDAYS(F45,G45)) | I45: =IF(ISBLANK('Uppföljning + Utveckling'!D97),"",'Uppföljning + Utveckling'!D97)
B46: Akt3.3.a | E46: {=IF(NOT(ISBLANK($D46)),MAX(INDEX($A$1:$X$1044,IF(_xlfn.TEXTSPLIT($D46, ",")=$B$2:$B$288, ROW($B$2:$B$288), 0), 6)), "")} | H46: =IF(G46="","",NETWORKDAYS(F46,G46))
B47: Akt3.3.b | E47: {=IF(NOT(ISBLANK($D47)),MAX(INDEX($A$1:$X$1044,IF(_xlfn.TEXTSPLIT($D47, ",")=$B$2:$B$288, ROW($B$2:$B$288), 0), 6)), "")} | H47: =IF(G47="","",NETWORKDAYS(F47,G47))
B48: Akt3.3.c | E48: {=IF(NOT(ISBLANK($D48)),MAX(INDEX($A$1:$X$1044,IF(_xlfn.TEXTSPLIT($D48, ",")=$B$2:$B$288, ROW($B$2:$B$288), 0), 6)), "")} | H48: =IF(G48="","",NETWORKDAYS(F48,G48))
B49: REK4 | E49: {=IF(NOT(ISBLANK($D49)),MAX(INDEX($A$1:$X$1044,IF(_xlfn.TEXTSPLIT($D49, ",")=$B$2:$B$288, ROW($B$2:$B$288), 0), 6)), "")} | H49: =IF(G49="","",NETWORKDAYS(F49,G49)) | I49: =IF(ISBLANK('Uppföljning + Utveckling'!D115),"",'Uppföljning + Utveckling'!D115)
B50: Åtg4.1 | E50: {=IF(NOT(ISBLANK($D50)),MAX(INDEX($A$1:$X$1044,IF(_xlfn.TEXTSPLIT($D50, ",")=$B$2:$B$288, ROW($B$2:$B$288), 0), 6)), "")} | H50: =IF(G50="","",NETWORKDAYS(F50,G50)) | I50: =IF(ISBLANK('Uppföljning + Utveckling'!D116),"",'Uppföljning + Utveckling'!D116)
B51: Akt4.1.a | E51: {=IF(NOT(ISBLANK($D51)),MAX(INDEX($A$1:$X$1044,IF(_xlfn.TEXTSPLIT($D51, ",")=$B$2:$B$288, ROW($B$2:$B$288), 0), 6)), "")} | H51: =IF(G51="","",NETWORKDAYS(F51,G51))
B52: Akt4.1.b | E52: {=IF(NOT(ISBLANK($D52)),MAX(INDEX($A$1:$X$1044,IF(_xlfn.TEXTSPLIT($D52, ",")=$B$2:$B$288, ROW($B$2:$B$288), 0), 6)), "")} | H52: =IF(G52="","",NETWORKDAYS(F52,G52))
B53: Akt4.1.c | E53: {=IF(NOT(ISBLANK($D53)),MAX(INDEX($A$1:$X$1044,IF(_xlfn.TEXTSPLIT($D53, ",")=$B$2:$B$288, ROW($B$2:$B$288), 0), 6)), "")} | H53: =IF(G53="","",NETWORKDAYS(F53,G53))
B54: Åtg4.2 | E54: {=IF(NOT(ISBLANK($D54)),MAX(INDEX($A$1:$X$1044,IF(_xlfn.TEXTSPLIT($D54, ",")=$B$2:$B$288, ROW($B$2:$B$288), 0), 6)), "")} | H54: =IF(G54="","",NETWORKDAYS(F54,G54)) | I54: =IF(ISBLANK('Uppföljning + Utveckling'!D128),"",'Uppföljning + Utveckling'!D128)
B55: Akt4.2.a | E55: {=IF(NOT(ISBLANK($D55)),MAX(INDEX($A$1:$X$1044,IF(_xlfn.TEXTSPLIT($D55, ",")=$B$2:$B$288, ROW($B$2:$B$288), 0), 6)), "")} | H55: =IF(G55="","",NETWORKDAYS(F55,G55))
B56: Akt4.2.b | E56: {=IF(NOT(ISBLANK($D56)),MAX(INDEX($A$1:$X$1044,IF(_xlfn.TEXTSPLIT($D56, ",")=$B$2:$B$288, ROW($B$2:$B$288), 0), 6)), "")} | H56: =IF(G56="","",NETWORKDAYS(F56,G56))
B57: Akt4.2.c | E57: {=IF(NOT(ISBLANK($D57)),MAX(INDEX($A$1:$X$1044,IF(_xlfn.TEXTSPLIT($D57, ",")=$B$2:$B$288, ROW($B$2:$B$288), 0), 6)), "")} | H57: =IF(G57="","",NETWORKDAYS(F57,G57))
B58: Åtg4.3 | E58: {=IF(NOT(ISBLANK($D58)),MAX(INDEX($A$1:$X$1044,IF(_xlfn.TEXTSPLIT($D58, ",")=$B$2:$B$288, ROW($B$2:$B$288), 0), 6)), "")} | H58: =IF(G58="","",NETWORKDAYS(F58,G58)) | I58: =IF(ISBLANK('Uppföljning + Utveckling'!D135),"",'Uppföljning + Utveckling'!D135)
B59: Akt4.3.a | E59: {=IF(NOT(ISBLANK($D59)),MAX(INDEX($A$1:$X$1044,IF(_xlfn.TEXTSPLIT($D59, ",")=$B$2:$B$288, ROW($B$2:$B$288), 0), 6)), "")} | H59: =IF(G59="","",NETWORKDAYS(F59,G59))
B60: Akt4.3.b | E60: {=IF(NOT(ISBLANK($D60)),MAX(INDEX($A$1:$X$1044,IF(_xlfn.TEXTSPLIT($D60, ",")=$B$2:$B$288, ROW($B$2:$B$288), 0), 6)), "")} | H60: =IF(G60="","",NETWORKDAYS(F60,G60))
B61: Akt4.3.c | E61: {=IF(NOT(ISBLANK($D61)),MAX(INDEX($A$1:$X$1044,IF(_xlfn.TEXTSPLIT($D61, ",")=$B$2:$B$288, ROW($B$2:$B$288), 0), 6)), "")} | H61: =IF(G61="","",NETWORKDAYS(F61,G61))
B62: REK5 | E62: {=IF(NOT(ISBLANK($D62)),MAX(INDEX($A$1:$X$1044,IF(_xlfn.TEXTSPLIT($D62, ",")=$B$2:$B$288, ROW($B$2:$B$288), 0), 6)), "")} | H62: =IF(G62="","",NETWORKDAYS(F62,G62)) | I62: =IF(ISBLANK('Uppföljning + Utveckling'!D146),"",'Uppföljning + Utveckling'!D146)
B63: Åtg5.1.a | E63: {=IF(NOT(ISBLANK($D63)),MAX(INDEX($A$1:$X$1044,IF(_xlfn.TEXTSPLIT($D63, ",")=$B$2:$B$288, ROW($B$2:$B$288), 0), 6)), "")} | H63: =IF(G63="","",NETWORKDAYS(F63,G63)) | I63: =IF(ISBLANK('Uppföljning + Utveckling'!D147),"",'Uppföljning + Utveckling'!D147)
B64: Akt5.1.a.a | E64: {=IF(NOT(ISBLANK($D64)),MAX(INDEX($A$1:$X$1044,IF(_xlfn.TEXTSPLIT($D64, ",")=$B$2:$B$288, ROW($B$2:$B$288), 0), 6)), "")} | H64: =IF(G64="","",NETWORKDAYS(F64,G64))
B65: Akt5.1.a.b | E65: {=IF(NOT(ISBLANK($D65)),MAX(INDEX($A$1:$X$1044,IF(_xlfn.TEXTSPLIT($D65, ",")=$B$2:$B$288, ROW($B$2:$B$288), 0), 6)), "")} | H65: =IF(G65="","",NETWORKDAYS(F65,G65))
B66: Akt5.1.a.c | E66: {=IF(NOT(ISBLANK($D66)),MAX(INDEX($A$1:$X$1044,IF(_xlfn.TEXTSPLIT($D66, ",")=$B$2:$B$288, ROW($B$2:$B$288), 0), 6)), "")} | H66: =IF(G66="","",NETWORKDAYS(F66,G66))
B67: Åtg5.1.b | E67: {=IF(NOT(ISBLANK($D67)),MAX(INDEX($A$1:$X$1044,IF(_xlfn.TEXTSPLIT($D67, ",")=$B$2:$B$288, ROW($B$2:$B$288), 0), 6)), "")} | H67: =IF(G67="","",NETWORKDAYS(F67,G67)) | I67: =IF(ISBLANK('Uppföljning + Utveckling'!D155),"",'Uppföljning + Utveckling'!D155)
B68: Akt5.1.b.a | E68: {=IF(NOT(ISBLANK($D68)),MAX(INDEX($A$1:$X$1044,IF(_xlfn.TEXTSPLIT($D68, ",")=$B$2:$B$288, ROW($B$2:$B$288), 0), 6)), "")} | H68: =IF(G68="","",NETWORKDAYS(F68,G68))
B69: Akt5.1.b.b | E69: {=IF(NOT(ISBLANK($D69)),MAX(INDEX($A$1:$X$1044,IF(_xlfn.TEXTSPLIT($D69, ",")=$B$2:$B$288, ROW($B$2:$B$288), 0), 6)), "")} | H69: =IF(G69="","",NETWORKDAYS(F69,G69))
B70: Akt5.1.b.c | E70: {=IF(NOT(ISBLANK($D70)),MAX(INDEX($A$1:$X$1044,IF(_xlfn.TEXTSPLIT($D70, ",")=$B$2:$B$288, ROW($B$2:$B$288), 0), 6)), "")} | H70: =IF(G70="","",NETWORKDAYS(F70,G70))
B71: REK6 | E71: {=IF(NOT(ISBLANK($D71)),MAX(INDEX($A$1:$X$1044,IF(_xlfn.TEXTSPLIT($D71, ",")=$B$2:$B$288, ROW($B$2:$B$288), 0), 6)), "")} | H71: =IF(G71="","",NETWORKDAYS(F71,G71)) | I71: =IF(ISBLANK('Uppföljning + Utveckling'!D166),"",'Uppföljning + Utveckling'!D166)
B72: Åtg6.1.a | E72: {=IF(NOT(ISBLANK($D72)),MAX(INDEX($A$1:$X$1044,IF(_xlfn.TEXTSPLIT($D72, ",")=$B$2:$B$288, ROW($B$2:$B$288), 0), 6)), "")} | H72: =IF(G72="","",NETWORKDAYS(F72,G72)) | I72: =IF(ISBLANK('Uppföljning + Utveckling'!D167),"",'Uppföljning + Utveckling'!D167)
B73: Akt6.1.a.a | E73: {=IF(NOT(ISBLANK($D73)),MAX(INDEX($A$1:$X$1044,IF(_xlfn.TEXTSPLIT($D73, ",")=$B$2:$B$288, ROW($B$2:$B$288), 0), 6)), "")} | H73: =IF(G73="","",NETWORKDAYS(F73,G73))
B74: Akt6.1.a.b | E74: {=IF(NOT(ISBLANK($D74)),MAX(INDEX($A$1:$X$1044,IF(_xlfn.TEXTSPLIT($D74, ",")=$B$2:$B$288, ROW($B$2:$B$288), 0), 6)), "")} | H74: =IF(G74="","",NETWORKDAYS(F74,G74))
B75: Akt6.1.a.c | E75: {=IF(NOT(ISBLANK($D75)),MAX(INDEX($A$1:$X$1044,IF(_xlfn.TEXTSPLIT($D75, ",")=$B$2:$B$288, ROW($B$2:$B$288), 0), 6)), "")} | H75: =IF(G75="","",NETWORKDAYS(F75,G75))
B76: Åtg6.1.b | E76: {=IF(NOT(ISBLANK($D76)),MAX(INDEX($A$1:$X$1044,IF(_xlfn.TEXTSPLIT($D76, ",")=$B$2:$B$288, ROW($B$2:$B$288), 0), 6)), "")} | H76: =IF(G76="","",NETWORKDAYS(F76,G76)) | I76: =IF(ISBLANK('Uppföljning + Utveckling'!D175),"",'Uppföljning + Utveckling'!D175)
B77: Akt6.1.b.a | E77: {=IF(NOT(ISBLANK($D77)),MAX(INDEX($A$1:$X$1044,IF(_xlfn.TEXTSPLIT($D77, ",")=$B$2:$B$288, ROW($B$2:$B$288), 0), 6)), "")} | H77: =IF(G77="","",NETWORKDAYS(F77,G77))
B78: Akt6.1.b.b | E78: {=IF(NOT(ISBLANK($D78)),MAX(INDEX($A$1:$X$1044,IF(_xlfn.TEXTSPLIT($D78, ",")=$B$2:$B$288, ROW($B$2:$B$288), 0), 6)), "")} | H78: =IF(G78="","",NETWORKDAYS(F78,G78))
B79: Akt6.1.b.c | E79: {=IF(NOT(ISBLANK($D79)),MAX(INDEX($A$1:$X$1044,IF(_xlfn.TEXTSPLIT($D79, ",")=$B$2:$B$288, ROW($B$2:$B$288), 0), 6)), "")} | H79: =IF(G79="","",NETWORKDAYS(F79,G79))
B80: Åtg6.1.c | E80: {=IF(NOT(ISBLANK($D80)),MAX(INDEX($A$1:$X$1044,IF(_xlfn.TEXTSPLIT($D80, ",")=$B$2:$B$288, ROW($B$2:$B$288), 0), 6)), "")} | H80: =IF(G80="","",NETWORKDAYS(F80,G80)) | I80: =IF(ISBLANK('Uppföljning + Utveckling'!D183),"",'Uppföljning + Utveckling'!D183)
B81: Akt6.1.c.a | E81: {=IF(NOT(ISBLANK($D81)),MAX(INDEX($A$1:$X$1044,IF(_xlfn.TEXTSPLIT($D81, ",")=$B$2:$B$288, ROW($B$2:$B$288), 0), 6)), "")} | H81: =IF(G81="","",NETWORKDAYS(F81,G81))
B82: Akt6.1.c.b | E82: {=IF(NOT(ISBLANK($D82)),MAX(INDEX($A$1:$X$1044,IF(_xlfn.TEXTSPLIT($D82, ",")=$B$2:$B$288, ROW($B$2:$B$288), 0), 6)), "")} | H82: =IF(G82="","",NETWORKDAYS(F82,G82))
B83: Akt6.1.c.c | E83: {=IF(NOT(ISBLANK($D83)),MAX(INDEX($A$1:$X$1044,IF(_xlfn.TEXTSPLIT($D83, ",")=$B$2:$B$288, ROW($B$2:$B$288), 0), 6)), "")} | H83: =IF(G83="","",NETWORKDAYS(F83,G83))
B84: Åtg6.2 | E84: {=IF(NOT(ISBLANK($D84)),MAX(INDEX($A$1:$X$1044,IF(_xlfn.TEXTSPLIT($D84, ",")=$B$2:$B$288, ROW($B$2:$B$288), 0), 6)), "")} | H84: =IF(G84="","",NETWORKDAYS(F84,G84)) | I84: =IF(ISBLANK('Uppföljning + Utveckling'!D191),"",'Uppföljning + Utveckling'!D191)
B85: Akt6.2.a | E85: {=IF(NOT(ISBLANK($D85)),MAX(INDEX($A$1:$X$1044,IF(_xlfn.TEXTSPLIT($D85, ",")=$B$2:$B$288, ROW($B$2:$B$288), 0), 6)), "")} | H85: =IF(G85="","",NETWORKDAYS(F85,G85))
B86: Akt6.2.b | E86: {=IF(NOT(ISBLANK($D86)),MAX(INDEX($A$1:$X$1044,IF(_xlfn.TEXTSPLIT($D86, ",")=$B$2:$B$288, ROW($B$2:$B$288), 0), 6)), "")} | H86: =IF(G86="","",NETWORKDAYS(F86,G86))
B87: Akt6.2.c | E87: {=IF(NOT(ISBLANK($D87)),MAX(INDEX($A$1:$X$1044,IF(_xlfn.TEXTSPLIT($D87, ",")=$B$2:$B$288, ROW($B$2:$B$288), 0), 6)), "")} | H87: =IF(G87="","",NETWORKDAYS(F87,G87))
B88: REK7 | E88: {=IF(NOT(ISBLANK($D88)),MAX(INDEX($A$1:$X$1044,IF(_xlfn.TEXTSPLIT($D88, ",")=$B$2:$B$288, ROW($B$2:$B$288), 0), 6)), "")} | H88: =IF(G88="","",NETWORKDAYS(F88,G88)) | I88: =IF(ISBLANK('Uppföljning + Utveckling'!D200),"",'Uppföljning + Utveckling'!D200)
B89: Åtg7.1.a | E89: {=IF(NOT(ISBLANK($D89)),MAX(INDEX($A$1:$X$1044,IF(_xlfn.TEXTSPLIT($D89, ",")=$B$2:$B$288, ROW($B$2:$B$288), 0), 6)), "")} | H89: =IF(G89="","",NETWORKDAYS(F89,G89)) | I89: =IF(ISBLANK('Uppföljning + Utveckling'!D201),"",'Uppföljning + Utveckling'!D201)
B90: Akt7.1.a.a | E90: {=IF(NOT(ISBLANK($D90)),MAX(INDEX($A$1:$X$1044,IF(_xlfn.TEXTSPLIT($D90, ",")=$B$2:$B$288, ROW($B$2:$B$288), 0), 6)), "")} | H90: =IF(G90="","",NETWORKDAYS(F90,G90))
B91: Akt7.1.a.b | E91: {=IF(NOT(ISBLANK($D91)),MAX(INDEX($A$1:$X$1044,IF(_xlfn.TEXTSPLIT($D91, ",")=$B$2:$B$288, ROW($B$2:$B$288), 0), 6)), "")} | H91: =IF(G91="","",NETWORKDAYS(F91,G91))
B92: Akt7.1.a.c | E92: {=IF(NOT(ISBLANK($D92)),MAX(INDEX($A$1:$X$1044,IF(_xlfn.TEXTSPLIT($D92, ",")=$B$2:$B$288, ROW($B$2:$B$288), 0), 6)), "")} | H92: =IF(G92="","",NETWORKDAYS(F92,G92))
B93: Åtg7.1.b | E93: {=IF(NOT(ISBLANK($D93)),MAX(INDEX($A$1:$X$1044,IF(_xlfn.TEXTSPLIT($D93, ",")=$B$2:$B$288, ROW($B$2:$B$288), 0), 6)), "")} | H93: =IF(G93="","",NETWORKDAYS(F93,G93)) | I93: =IF(ISBLANK('Uppföljning + Utveckling'!D209),"",'Uppföljning + Utveckling'!D209)
B94: Akt7.1.b.a | E94: {=IF(NOT(ISBLANK($D94)),MAX(INDEX($A$1:$X$1044,IF(_xlfn.TEXTSPLIT($D94, ",")=$B$2:$B$288, ROW($B$2:$B$288), 0), 6)), "")} | H94: =IF(G94="","",NETWORKDAYS(F94,G94))
B95: Akt7.1.b.b | E95: {=IF(NOT(ISBLANK($D95)),MAX(INDEX($A$1:$X$1044,IF(_xlfn.TEXTSPLIT($D95, ",")=$B$2:$B$288, ROW($B$2:$B$288), 0), 6)), "")} | H95: =IF(G95="","",NETWORKDAYS(F95,G95))
B96: Akt7.1.b.c | E96: {=IF(NOT(ISBLANK($D96)),MAX(INDEX($A$1:$X$1044,IF(_xlfn.TEXTSPLIT($D96, ",")=$B$2:$B$288, ROW($B$2:$B$288), 0), 6)), "")} | H96: =IF(G96="","",NETWORKDAYS(F96,G96))
B97: Åtg7.2.a | E97: {=IF(NOT(ISBLANK($D97)),MAX(INDEX($A$1:$X$1044,IF(_xlfn.TEXTSPLIT($D97, ",")=$B$2:$B$288, ROW($B$2:$B$288), 0), 6)), "")} | H97: =IF(G97="","",NETWORKDAYS(F97,G97)) | I97: =IF(ISBLANK('Uppföljning + Utveckling'!D217),"",'Uppföljning + Utveckling'!D217)
B98: Akt7.2.a.a | E98: {=IF(NOT(ISBLANK($D98)),MAX(INDEX($A$1:$X$1044,IF(_xlfn.TEXTSPLIT($D98, ",")=$B$2:$B$288, ROW($B$2:$B$288), 0), 6)), "")} | H98: =IF(G98="","",NETWORKDAYS(F98,G98))
B99: Akt7.2.a.b | E99: {=IF(NOT(ISBLANK($D99)),MAX(INDEX($A$1:$X$1044,IF(_xlfn.TEXTSPLIT($D99, ",")=$B$2:$B$288, ROW($B$2:$B$288), 0), 6)), "")} | H99: =IF(G99="","",NETWORKDAYS(F99,G99))
B100: Akt7.2.a.c | E100: {=IF(NOT(ISBLANK($D100)),MAX(INDEX($A$1:$X$1044,IF(_xlfn.TEXTSPLIT($D100, ",")=$B$2:$B$288, ROW($B$2:$B$288), 0), 6)), "")} | H100: =IF(G100="","",NETWORKDAYS(F100,G100))
B101: Åtg7.2.b | E101: {=IF(NOT(ISBLANK($D101)),MAX(INDEX($A$1:$X$1044,IF(_xlfn.TEXTSPLIT($D101, ",")=$B$2:$B$288, ROW($B$2:$B$288), 0), 6)), "")} | H101: =IF(G101="","",NETWORKDAYS(F101,G101)) | I101: =IF(ISBLANK('Uppföljning + Utveckling'!D225),"",'Uppföljning + Utveckling'!D225)
...
